Workbook
Name _Hlk521673415: 'D2'!#REF!
Name _Hlk86829056: 'B4.C4'!#REF!

Sheet Intro
A1: How to use
A2: 1. save a copy of this checklist into your WIP. Do not amend this document (including deleting tabs) without doing this first as deleting tabs cannot be undone.
A3: 2. select what tabs you need to keep/delete based on the application type you are determining. See below for types
A4: 3. on each non-supporting documents tab select the application type on the filtered section, and hide the options
A5: 4. read each question and applicable drafting notes (in pink) carefully, as some of the questions have changed. Remember to delete the drafting notes before saving the final version to the DMS
A6: 5. the checklist will record the number of "no" answers on each tab and summarise them on the decisions and actions tab.
A7: 6. any "no" that is highlighted as red will trigger a returned application
A10: Type | B10: Drafting note | C10: Tabs
A11: New Bespoke Extractive Waste | B11: Select this for all new Tier 2 and Tier 3 bespoke mining waste permit applications. For standard rule mining waste permit applications use the standard rule permit option. | C11: Details Dates Doc and info check Part A Part F1 Part B1/C1 Part B2/C2 Part B5/C5 Decision and actions required Relevant supporting doc tab(s)
A12: New Bespoke Tier 2 | B12: Select this for all new Tier 2 bespoke applications, that are not mining waste. | C12: Details Dates Doc and info check Part A Part F1 Part B2/C2 Part B4/C4 Decision and actions required Relevant supporting doc tab(s)
A13: New Bespoke Tier 3 | B13: Select this for all new tier 3 bespoke applications, that are not mining waste. For bespoke application that also include standard rule activities, use the SRP option as well. | C13: Details Dates Doc and info check Part A Part F1 Part B1/C1 Part B2/C2 Part B4/C4 Decision and actions required Relevant supporting doc tab(s)
A14: SRP- New and Var | B14: Select this for all new standard rule applications, you can also use this option for variation applications to add OR to become a standard rule activity. These are separate columns on the Part B1.C1 tab, but a single column on all other tabs. For new standard rule applications that also include bespoke activities, use the bespoke T3 option as well. If the application is for SR2012 No15 then you should send a draft permit to the applicant and get them to review and confirm the PERMIT boundary. | C14: Details Dates Doc and info check Part A Part F1 Part B1/C1 Decision and actions required Relevant supporting doc tab(s)
A15: Variation Admin | B15: Select this for administrative variations only. Use the other variation options for all other variations, except those to vary to become/ add a standard rule set to an existing permit. For applications to vary to become/ add a standard rule set use the standard rule option. | C15: Details Dates Doc and info check Part A Part C0.5 Decision and actions required Relevant supporting doc tab(s)
A16: Variation MT and Normal | B16: Select this for all variation applications except those involving rule sets or administrative variations. If the application is to add or vary or to become a standard rule facility, and other changes, use the SRP option as well. | C16: Details Dates Doc and info check Part A Part F1 Part B1/C1 Part B2/C2 Part B4/C4 Decision and actions required Relevant supporting doc tab(s)
A17: Variation MT- SRP | B17: Select this for Minor Technical variations to increase the permitted area of Standard Rules Permits only. These were previously administrative but now chargeable. | C17: Details Dates Doc and info check Part A Part F1 Part C0.5 Decision and actions required Relevant supporting doc tab(s)
A18: Transfer | B18: Select this for all transfer applications – both full and partial. | C18: Details Dates Doc and info check Part A Part F1 Part D2 Decision and actions required Relevant supporting doc tab(s)
A19: Surrender- Site | B19: Select this for all waste facility and non-installation mining waste activity surrender applications. The checklist can be used for all types of surrender application; full (normal), partial, low risk, basic and ‘non-operational’. Do not use this option for surrender of mobile plant permits. Use the mobile plant permit surrender notification option instead. | C19: Details Dates Doc and info check Part A Part F1 Part E2 Decision and actions required Relevant supporting doc tab(s)
A20: Surrender Mobile Plant | B20: Select this for all waste mobile plant permit surrender notifications. Do not use this checklist for surrender of site based waste permits. Surrender of site based permits must follow the application process; their surrender cannot be carried out by notification. Use the surrender-site option instead. | C20: Details Dates Doc and info check Part A Part F1 Part E2 Decision and actions required Relevant supporting doc tab(s)

Sheet Details & Dates
A1: Application details
A2: PAN reference | B2: PAN-020942
A3: EPR reference | B3: -
A4: Applicant name | B4: Associated British Ports
A5: Facility name | B5: Roath Docks, Old Clipper Road, Cardiff Docks, Cardiff, CF10 4LY
A6: Area | B6: South Central
A7: Operations Team | B7: SC Waste Regulation Team
A8: Site officer/team leader | B8: Gareth Davies
A9: Total time recording | B9: 420min
A11: Relevant dates | C11: New Bespoke Extractive Waste | D11: New Bespoke Tier 2 | E11: New Bespoke Tier 3 | F11: SRP- New or Var | G11: Variation Admin | H11: Variation MT and Normal | I11: Variation MT- SRP | J11: Transfer | K11: Surrender- Site | L11: Surrender MP
A12: Date application arrived in NRW | B12: 44984 | C12: Y | D12: Y | E12: Y | F12: Y | G12: Y | H12: Y | I12: Y | J12: Y | K12: Y | L12: Y
A13: Date application acknowledged | B13: 44984 | C13: Y | D13: Y | E13: Y | F13: Y | G13: Y | H13: Y | I13: Y | J13: Y | K13: Y | L13: Y
A14: Date not duly made (information request sent) | B14: N/A | C14: Y | D14: Y | E14: Y | F14: Y | G14: Y | H14: Y | I14: Y | J14: Y | K14: Y | L14: Y
A15: Date of any additional not duly made requests | B15: N/A | C15: Y | D15: Y | E15: Y | F15: Y | G15: Y | H15: Y | I15: Y | J15: Y | K15: Y | L15: Y
A16: Date duly made The duly made date is either (i) the date the application was originally received at Natural Resources Wales in the event of no additional information being requested during the duly make process. OR (ii) the date at which the final piece of additional information requested during the duly make process is received | B16: 44984 | C16: Y | D16: Y | E16: Y | F16: Y | G16: Y | H16: Y | I16: Y | J16: Y | K16: Y | L16: Y
A17: Date returned to applicant or deemed withdrawn | B17: N/A | C17: Y | D17: Y | E17: Y | F17: Y | G17: Y | H17: Y | I17: Y | J17: Y | K17: Y | L17: Y
A18: Date applicant sent duly made confirmation | B18: 45078 | C18: Y | D18: Y | E18: Y | F18: Y | G18: Y | H18: Y | I18: Y | J18: Y | K18: Y | L18: Y
A19: Date sent to external consultees (if applicable) | B19: N/A | C19: Y | D19: N | E19: Y | F19: N | G19: N | H19: Y | I19: Y | J19: N | K19: Y | L19: N
A20: Date application publicised on Website | B20: N/A | C20: N | D20: N | E20: Y | F20: N | G20: N | H20: Y | I20: Y | J20: N | K20: Y | L20: N
A21: Date advert placed in newspaper (if applicable) | B21: N/A | C21: N | D21: N | E21: Y | F21: N | G21: N | H21: Y | I21: Y | J21: N | K21: Y | L21: N
A22: Date application publicised on Natural Resources Wales Website and on Social Media (Twitter and Facebook Page) | C22: Y | D22: N | E22: N | F22: N | G22: N | H22: N | I22: N | J22: N | K22: N | L22: N
A23: Date advert placed in newspaper (if applicable) | C23: Y | D23: N | E23: N | F23: N | G23: N | H23: N | I23: N | J23: N | K23: N | L23: N
A24: Date email sent to MP’s /AM’s (if required and agreed by the Area) | C24: Y | D24: N | E24: N | F24: N | G24: N | H24: N | I24: N | J24: N | K24: N | L24: N

Sheet Doc's & info
A1: Documents and information checklist: | D1: New Bespoke Extractive Waste | E1: New Bespoke Tier 2 | F1: New Bespoke Tier 3 | G1: SRP- New or Var | H1: Variation Admin | I1: Variation MT and Normal | J1: Variation MT- SRP | K1: Transfer | L1: Surrender- Site | M1: Surrender Mobile Plant
B2: Yes/No/NA | C2: Comments | D2: Y | E2: Y | F2: Y | G2: Y | H2: Y | I2: Y | J2: Y | K2: Y | L2: Y | M2: Y
A3: Environment Management System summary | B3: Yes | C3: See other tab for details. | D3: Y | E3: N | F3: Y | G3: N | H3: Y | I3: Y | J3: N | K3: Y | L3: N | M3: N | O3: Yes
A4: Non technical summary | B4: Yes | C4: Form C2 | D4: Y | E4: N | F4: Y | G4: N | H4: Y | I4: Y | J4: N | K4: Y | L4: Y | M4: N | O4: No
A5: Site plan | B5: Yes | D5: Y | E5: Y | F5: Y | G5: Y | H5: Y | I5: Y | J5: Y | K5: Y | L5: Y | M5: N | O5: N/A
A6: Site specific risk assessment | B6: Yes | C6: See other specific tab | D6: Y | E6: Y | F6: Y | G6: N | H6: N | I6: Y | J6: N | K6: Y | L6: N | M6: N
A7: Site condition report | B7: N/A | D7: Y | E7: N | F7: Y | G7: N | H7: N | I7: Y | J7: N | K7: N | L7: N | M7: N
A8: Odour management plan | B8: N/A | D8: Y | E8: N | F8: Y | G8: N | H8: N | I8: Y | J8: N | K8: Y | L8: N | M8: N
A9: Waste Recovery Plan | B9: N/A | D9: N | E9: N | F9: Y | G9: Y | H9: N | I9: Y | J9: N | K9: N | L9: N | M9: N
A10: Fire prevention mitigation plan | B10: N/A | D10: N | E10: N | F10: Y | G10: N | H10: N | I10: Y | J10: N | K10: N | L10: N | M10: N
A11: Noise impact assessment and management plan | B11: N/A | D11: N | E11: N | F11: Y | G11: N | H11: N | I11: Y | J11: N | K11: N | L11: N | M11: N
A12: Waste Management Plan | C12: Part Transfer: Only needed if the new holder isn’t/ can’t use the existing management system. | D12: Y | E12: N | F12: N | G12: N | H12: N | I12: N | J12: N | K12: N | L12: N | M12: N
A13: Other management plans | B13: N/A | D13: Y | E13: N | F13: Y | G13: N | H13: N | I13: Y | J13: N | K13: Y | L13: N | M13: N
A14: Technical competence information Including continuing competence evidence, if needed | B14: N/A | D14: Y | E14: Y | F14: Y | G14: Y | H14: N | I14: Y | J14: N | K14: Y | L14: N | M14: N
A15: Financial information | B15: N/A | D15: N | E15: Y | F15: Y | G15: Y | H15: N | I15: Y | J15: N | K15: N | L15: N | M15: N
A16: Financial Provision information | B16: N/A | D16: Y | E16: N | F16: Y | G16: N | H16: N | I16: Y | J16: N | K16: Y | L16: N | M16: N
A17: Relevant conviction information | D17: Y | E17: Y | F17: Y | G17: N | H17: N | I17: N | J17: N | K17: N | L17: N | M17: N
A18: OPRA spreadsheet (electronic format) | B18: Yes | D18: Y | E18: N | F18: Y | G18: N | H18: N | I18: Y | J18: N | K18: Y | L18: Y | M18: N
A19: Fee | C19: Amount:£8094 Date Paid:17/10/2022 Transaction Number:2106819 MyNRW reference: BS/171022/36 Associated Britsh Ports | D19: Y | E19: Y | F19: Y | G19: Y | H19: N | I19: Y | J19: Y | K19: Y | L19: Y | M19: Y
A20: Industrial Emissions Directive (IED) Activity Is the activity/ies that the applicant has applied for subject to the Industrial Emissions Directive? These activities include: - Pre-treatment of waste for incineration and co-incineration - Storage of hazardous waste - Biological treatment of waste (i.e. composting and anaerobic digestion) - Treatment of slags and ashes - Treatment of metal in shredders | B20: N/A | D20: N | E20: N | F20: Y | G20: N | H20: N | I20: Y | J20: N | K20: N | L20: N | M20: N
A21: If it is an IED activity, has the applicant provided information to demonstrate how they will comply with the relevant limits and therefore be able to remain as a waste facility? | D21: N | E21: N | F21: Y | G21: N | H21: N | I21: Y | J21: N | K21: N | L21: N | M21: N
A22: Evidence to support basic surrender | C22: Surrender- site: only if operator claiming basic surrender | D22: N | E22: N | F22: N | G22: N | H22: N | I22: N | J22: N | K22: N | L22: Y | M22: N
A23: Evidence to support low risk surrender | C23: Surrender- site: only if operator claiming low risk surrender | D23: N | E23: N | F23: N | G23: N | H23: N | I23: N | J23: N | K23: N | L23: Y | M23: N
A24: Evidence to support non-operational surrender | C24: Surrender- site: only if operator claims activities haven’t started | D24: N | E24: N | F24: N | G24: N | H24: N | I24: N | J24: N | K24: N | L24: Y | M24: N
A25: Evidence to support full/normal surrender | C25: Surrender- site: only if operator claiming full/normal i.e. has reference data been submitted) | D25: N | E25: N | F25: N | G25: N | H25: N | I25: N | J25: N | K25: N | L25: Y | M25: N
A26: Site closure/ surrender report | C26: Surrender- site: The content of this report should enable us to confirm the area being surrendered matches the relevant permitted area. | D26: N | E26: N | F26: N | G26: N | H26: N | I26: N | J26: N | K26: N | L26: Y | M26: N
A27: Report on ‘steps taken to avoid pollution/ return the site to satisfactory sate’. | D27: N | E27: N | F27: N | G27: N | H27: N | I27: N | J27: N | K27: N | L27: Y | M27: N
A28: Site plan showing area being surrendered | D28: N | E28: N | F28: N | G28: N | H28: N | I28: N | J28: N | K28: N | L28: Y | M28: N
A29: Parts C1/ C2 &C4 of our application form(s) | C29: Surrender- site- part: Only where the part surrender will require changes to the permit conditions – not just the site plan. | D29: N | E29: N | F29: N | G29: N | H29: N | I29: N | J29: N | K29: N | L29: Y | M29: N
A30: Appropriate forms submitted to the WR or WQ teams? | D30: Y | E30: N | F30: N | G30: N | H30: N | I30: N | J30: N | K30: N | L30: N | M30: N
A31: Has geoscience made any comment on the WQ/WR forms that may be considered in determination? | D31: Y | E31: N | F31: N | G31: N | H31: N | I31: N | J31: N | K31: N | L31: N | M31: N
A32: Percentage of required documents missing | B32: =(100*(COUNTIF(B3:B31,"No"))/((COUNTIF(B3:B31,"Yes"))+(COUNTIF(B3:B31,"No")))) -> 0 | C32: Where over 25% of responses are no, the application is regarded as incomplete | D32: Y | E32: Y | F32: Y | G32: Y | H32: Y | I32: Y | J32: Y | K32: Y | L32: Y | M32: Y

Sheet A
A1: Application form Part A – applicant/ operator details
A2: Qu # | B2: Action | C2: Yes/No/NA | D2: Comments | F2: Yes
A3: 1 to 5 | B3: Applicant details complete? | C3: Yes | F3: No
A4: 6 | B4: Address details complete? | C4: Yes | F4: N/A
A5: 6 | B5: Registered companies only. Is it registered and active on Companies House? | C5: Yes | D5: Date checked:17/05/2023 Cannot check active officer because of type of company registration ('ZC' unregistered company)
A6: 6 | B6: If an existing permit, does the site and company address(es) match the current permit? | C6: N/A
A7: 7 | B7: Contact details complete? | C7: Yes
B8: Is the applicant a legal person as per definition of ‘operator’? | C8: Yes | D8: see letter of authorisation as per declaration in part F1
B9: Percentage of form incomplete | C9: =(100*(COUNTIF(C3:C8,"No"))/((COUNTIF(C3:C8,"Yes"))+(COUNTIF(C3:C8,"No")))) -> 0 | D9: Where over 25% of responses are no, the form is regarded as incomplete

Sheet F1
A1: Application form Part F1 - Initial checks, including payment, confidentiality, national security and declaration | E1: New Bespoke Extractive Waste | F1: New Bespoke Tier 2 | G1: New Bespoke Tier 3 | H1: SRP- New or Var | I1: Variation Admin | J1: Variation MT and Normal | K1: Variation MT- SRP | L1: Transfer | M1: Surrender- Site | N1: Surrender Mobile Plant
A2: Qu # | B2: Action | C2: Yes/No/NA | D2: Comments | E2: Y | F2: Y | G2: Y | H2: Y | I2: N | J2: Y | K2: Y | L2: Y | M2: Y | N2: Y
A3: 1 | B3: Table 1 Complete? | C3: Yes | E3: Y | F3: Y | G3: Y | H3: Y | I3: N | J3: Y | K3: Y | L3: Y | M3: Y | N3: Y | P3: Yes
A4: 1 | B4: Has the correct application type/ fee been identified? | C4: Yes | E4: Y | F4: Y | G4: Y | H4: Y | I4: N | J4: Y | K4: Y | L4: Y | M4: Y | N4: Y | P4: No
A5: 2 | B5: Has the OPRA profile been provided? | C5: Yes | E5: Y | F5: Y | G5: Y | H5: Y | I5: N | J5: Y | K5: N | L5: Y | M5: Y | N5: Y | P5: N/A
A6: 2 | B6: Has the OPRA profile been provided on Excel? | C6: Yes | E6: Y | F6: Y | G6: Y | H6: Y | I6: N | J6: Y | K6: N | L6: Y | M6: Y | N6: Y
A7: 3 | B7: Is the payment type shown? | C7: Yes | E7: Y | F7: Y | G7: Y | H7: Y | I7: N | J7: Y | K7: Y | L7: Y | M7: Y | N7: Y
A8: 3 | B8: Have the payment details been completed? | C8: Yes | E8: Y | F8: Y | G8: Y | H8: Y | I8: N | J8: Y | K8: Y | L8: Y | M8: Y | N8: Y
A9: 3 | B9: Is the payment on MyNRW? | C9: Yes | E9: Y | F9: Y | G9: Y | H9: Y | I9: N | J9: Y | K9: Y | L9: Y | M9: Y | N9: Y
A10: 3 | B10: Is the fee correct? | C10: Yes | D10: See OPRA tab of this document | E10: Y | F10: Y | G10: Y | H10: Y | I10: N | J10: Y | K10: Y | L10: Y | M10: Y | N10: Y
A11: 5 | B11: Confidentiality: If the applicant has asked information to be treated as confidential, has the required evidence been provided? | C11: N/A | E11: Y | F11: Y | G11: Y | H11: Y | I11: N | J11: Y | K11: Y | L11: Y | M11: Y | N11: Y
A12: 5 | B12: National Security: If the applicant has stated information should not be on the public register due to National Security risk, has the letter from the Welsh Ministers confirming this been provided? | C12: N/A | E12: Y | F12: Y | G12: Y | H12: Y | I12: N | J12: Y | K12: Y | L12: Y | M12: Y | N12: Y
A13: 6 | B13: Box been ticked to show correct fee is included? | C13: Yes | E13: Y | F13: Y | G13: Y | H13: Y | I13: N | J13: Y | K13: Y | L13: Y | M13: Y | N13: Y
B14: Is the application checklist complete? | C14: Yes | E14: Y | F14: Y | G14: Y | H14: Y | I14: N | J14: Y | K14: Y | L14: Y | M14: Y | N14: Y
A15: 7a | B15: If not a relevant person; is box ticked to confirm authorisation is given? | C15: Yes | D15: Letter provided signed by Angela Morgan who is the (General Counsel and Company Secretary for ABP and part of the Executive Team. https://www.abports.co.uk/about-abp/executive-team/) | E15: Y | F15: Y | G15: Y | H15: Y | I15: N | J15: Y | K15: Y | L15: Y | M15: Y | N15: Y
A16: 7b | B16: If the application a standard facility; is box ticked to confirm SRP criteria is met? | C16: N/A | D16: not SRP | E16: Y | F16: Y | G16: Y | H16: Y | I16: N | J16: Y | K16: Y | L16: Y | M16: Y | N16: Y
A17: 7c | B17: If application includes ecological survey information; is box ticked to confirm it can be used as set out in guidance | C17: N/A | D17: not ticked or required | E17: Y | F17: Y | G17: Y | H17: Y | I17: N | J17: Y | K17: Y | L17: Y | M17: Y | N17: Y
A18: 7d | B18: Is the declaration complete? | C18: Yes | E18: Y | F18: Y | G18: Y | H18: Y | I18: N | J18: Y | K18: Y | L18: Y | M18: Y | N18: Y
A19: 7d | B19: Has the correct person completed the declaration? | C19: Yes | E19: Y | F19: Y | G19: Y | H19: Y | I19: N | J19: Y | K19: Y | L19: Y | M19: Y | N19: Y
B20: Percentage of form incomplete | C20: =(100*(COUNTIF(C3:C19,"No"))/((COUNTIF(C3:C19,"Yes"))+(COUNTIF(C3:C19,"No")))) -> 0 | D20: Where over 25% of responses are no, the form is regarded as incomplete | E20: Y | F20: Y | G20: Y | H20: Y | I20: N | J20: Y | K20: Y | L20: Y | M20: Y | N20: Y

Sheet B1.C1
A1: Application form Part B1 – new standard rule applications Application form Part C1 – varying to change to or add a standard rule facility | E1: New Bespoke Extractive Waste | F1: New Bespoke Tier 2 | G1: New Bespoke Tier 3 | H1: SRP- New | I1: SRP- Var | J1: Variation Admin | K1: Variation MT and Normal | L1: Variation MT- SRP | M1: Transfer | N1: Surrender- Site | O1: Surrender Mobile Plant
A2: Qu # | B2: Action | C2: Yes/No/NA | D2: Comments/ Document Ref. if given | E2: N | F2: N | G2: N | H2: Y | I2: Y | J2: N | K2: N | L2: N | M2: N | N2: N | O2: N | R2: Yes
A3: 1a | B3: Has the pre-application advice question been answered (references/documents given)? | D3: n/a if no pre-app has been detailed by the applicant | E3: N | F3: N | G3: N | H3: Y | I3: Y | J3: N | K3: N | L3: N | M3: N | N3: N | O3: N | R3: No
A4: 1a | B4: Pre-application record found in DMS? | D4: Check DMS even if applicant has not provided info about pre-application- including CAR forms. n/a if none present, as above. | E4: N | F4: N | G4: N | H4: Y | I4: Y | J4: N | K4: N | L4: N | M4: N | N4: N | O4: N | R4: N/A
A5: 1b | B5: Option ‘site’ or ‘mobile plant’ selected? | E5: N | F5: N | G5: N | H5: Y | I5: N | J5: N | K5: N | L5: N | M5: N | N5: N | O5: N
A6: 1b | B6: Permit number given? | E6: N | F6: N | G6: N | H6: N | I6: Y | J6: N | K6: N | L6: N | M6: N | N6: N | O6: N
A7: 1c | B7: Site name and address complete? | D7: not needed for mobile plant | E7: N | F7: N | G7: N | H7: N | I7: Y | J7: N | K7: N | L7: N | M7: N | N7: N | O7: N
A8: 2a | B8: Site name, address and grid reference complete? | D8: not needed for mobile plant | E8: N | F8: N | G8: N | H8: Y | I8: N | J8: N | K8: N | L8: N | M8: N | N8: N | O8: N
A9: 2b | B9: Is the number of regulated facilities given? | E9: N | F9: N | G9: N | H9: Y | I9: N | J9: N | K9: N | L9: N | M9: N | N9: N | O9: N
A10: 2c | B10: If one facility only Has the regulated facility type chosen? | E10: N | F10: N | G10: N | H10: Y | I10: N | J10: N | K10: N | L10: N | M10: N | N10: N | O10: N
A11: 2c | B11: Has a grid reference been provided? | E11: N | F11: N | G11: N | H11: Y | I11: N | J11: N | K11: N | L11: N | M11: N | N11: N | O11: N
A12: 2d | B12: If more than one facility Has the regulated facility type been chosen for each facility? | E12: N | F12: N | G12: N | H12: Y | I12: N | J12: N | K12: N | L12: N | M12: N | N12: N | O12: N
A13: 2d | B13: Has a grid reference been provided for each facility? | E13: N | F13: N | G13: N | H13: Y | I13: N | J13: N | K13: N | L13: N | M13: N | N13: N | O13: N
A14: 2d | B14: Has a document been provided to detail any additional regulated facilities? | E14: N | F14: N | G14: N | H14: Y | I14: N | J14: N | K14: N | L14: N | M14: N | N14: N | O14: N
A15: 2a | B15: Has the question (change to a standard rule set(s)) been answered? | E15: N | F15: N | G15: N | H15: N | I15: Y | J15: N | K15: N | L15: N | M15: N | N15: N | O15: N
A16: 2b | B16: Has the question (add a standard rule set(s)) been answered? | E16: N | F16: N | G16: N | H16: N | I16: Y | J16: N | K16: N | L16: N | M16: N | N16: N | O16: N
A17: 2b | B17: If both answers in 2a are “Yes”, has an explanatory document been provided? | E17: N | F17: N | G17: N | H17: N | I17: Y | J17: N | K17: N | L17: N | M17: N | N17: N | O17: N
A18: 2c | B18: Has the question (add an additional Medium Combustion Plant(s) to existing standard rule SR2018 No7 permit) been answered? | E18: N | F18: N | G18: N | H18: N | I18: Y | J18: N | K18: N | L18: N | M18: N | N18: N | O18: N
A19: 2d | B19: Has the question (add a Specified Generator that is also a new Medium Combustion Plant to existing standard rule SR2018 No1 to 6 or No8) been answered? | E19: N | F19: N | G19: N | H19: N | I19: Y | J19: N | K19: N | L19: N | M19: N | N19: N | O19: N
A20: 2e | B20: Multi-permit consolidation only Has Table been completed? | E20: N | F20: N | G20: N | H20: N | I20: Y | J20: N | K20: N | L20: N | M20: N | N20: N | O20: N
A21: 3a | B21: Has a rule set been selected in the table? | D21: Table 1- Part B1 Table 3- Part C1 | E21: N | F21: N | G21: N | H21: Y | I21: Y | J21: N | K21: N | L21: N | M21: N | N21: N | O21: N
A22: 3b | B22: SR2009 No8 inert extractive wastes Has the applicant confirmed the Waste Management Plan checklist (Appendix 2) is completed? | E22: N | F22: N | G22: N | H22: Y | I22: Y | J22: N | K22: N | L22: N | M22: N | N22: N | O22: N
A23: 3c1 | B23: SR2018 No9 Combustion of biogas in new medium combustion plant engines at a sewage treatment works Has the stack height question been answered? | E23: N | F23: N | G23: N | H23: Y | I23: Y | J23: N | K23: N | L23: N | M23: N | N23: N | O23: N
A24: 3c2 | B24: SR2018 No9 Combustion of biogas in new medium combustion plant engines at a sewage treatment works Has the gas releases question been answered? | E24: N | F24: N | G24: N | H24: Y | I24: Y | J24: N | K24: N | L24: N | M24: N | N24: N | O24: N
A25: 3d1 | B25: SR2017 No01 Deposit for recovery Is the application for a deposit for recovery activity? | E25: N | F25: N | G25: N | H25: Y | I25: Y | J25: N | K25: N | L25: N | M25: N | N25: N | O25: N
A26: 3d2 | B26: SR2017 No01 Deposit for recovery Have we confirmed it is recovery? | E26: N | F26: N | G26: N | H26: Y | I26: Y | J26: N | K26: N | L26: N | M26: N | N26: N | O26: N
A27: 3d3 | B27: SR2017 No01 Deposit for recovery Has there been any changes since we agreed it was recovery? | E27: N | F27: N | G27: N | H27: Y | I27: Y | J27: N | K27: N | L27: N | M27: N | N27: N | O27: N
A28: 3d4 | B28: SR2017 No01 Deposit for recovery Has a reference for the waste recovery plan been provided? | E28: N | F28: N | G28: N | H28: Y | I28: Y | J28: N | K28: N | L28: N | M28: N | N28: N | O28: N
A29: 3f | B29: SR2018 No11 On-farm anaerobic digestion facility including use of the resultant biogas Has the stack height question been answered? | E29: N | F29: N | G29: N | H29: Y | I29: Y | J29: N | K29: N | L29: N | M29: N | N29: N | O29: N
A30: 3g1 | B30: SR2018 No7 New, low risk, stationary medium combustion plant between 1 and < 20MWth (in operation after 20/12/2018) Appendix 3 completed? | E30: N | F30: N | G30: N | H30: Y | I30: Y | J30: N | K30: N | L30: N | M30: N | N30: N | O30: N
A31: 3g2 | B31: SR2018 No7 New, low risk, stationary medium combustion plant between 1 and < 20MWth (in operation after 20/12/2018) Site located in Air Quality Management Area (AQMA)? | E31: N | F31: N | G31: N | H31: Y | I31: Y | J31: N | K31: N | L31: N | M31: N | N31: N | O31: N
A32: 3h1 | B32: SR2018 No 1 to 6 and No 8 Specified generators Appendix 3 completed? | E32: N | F32: N | G32: N | H32: Y | I32: Y | J32: N | K32: N | L32: N | M32: N | N32: N | O32: N
A33: 3h2 | B33: SR2018 No 1 to 6 and No 8 Specified generators Site located in Air Quality Management Area (AQMA)? | E33: N | F33: N | G33: N | H33: Y | I33: Y | J33: N | K33: N | L33: N | M33: N | N33: N | O33: N
A34: 4a | B34: Has a site plan been provided? | D34: not needed for mobile plant check where the activity is required to happen i.e. inside a building or not vs what is included in the site boundary to see if permit can be complied with/site boundary is suitable | E34: N | F34: N | G34: N | H34: Y | I34: Y | J34: N | K34: N | L34: N | M34: N | N34: N | O34: N
A35: 5a | B35: Relevant offences Relevant offences question complete? | D35: For variations only: Only if varying to add a relevant waste activity to a permit that has not previously included one. | E35: N | F35: N | G35: N | H35: Y | I35: Y | J35: N | K35: N | L35: N | M35: N | N35: N | O35: N
A36: 5a | B36: If answered "yes", has relevant convictions information provided? | E36: N | F36: N | G36: N | H36: Y | I36: Y | J36: N | K36: N | L36: N | M36: N | N36: N | O36: N
A37: 5b1 | B37: Technical ability Has a Scheme option been selected? | D37: Var- Only if varying to add a relevant waste activity to a permit that has not previously included one. | E37: N | F37: N | G37: N | H37: Y | I37: Y | J37: N | K37: N | L37: N | M37: N | N37: N | O37: N
A38: 5b2 | B38: If yes; have they ticked to say they have included all certificates, and provided them? | E38: N | F38: N | G38: N | H38: Y | I38: Y | J38: N | K38: N | L38: N | M38: N | N38: N | O38: N
A39: 5b2 | B39: If no; have they ticked to say they have included registration evidence, and provided them? | E39: N | F39: N | G39: N | H39: Y | I39: Y | J39: N | K39: N | L39: N | M39: N | N39: N | O39: N
A40: 5c | B40: Financial information Financial information complete? | D40: Var- Only if varying to add a relevant waste activity to a permit that has not previously included one. | E40: N | F40: N | G40: N | H40: Y | I40: Y | J40: N | K40: N | L40: N | M40: N | N40: N | O40: N
A41: 5c | B41: Has the applicant indicated that they are financially sound, i.e. do not need to provide financial provision for the activity? | D41: Financial provision will be required if insolvent/bankrupt, or depending on activity type. | E41: N | F41: N | G41: N | H41: Y | I41: Y | J41: N | K41: N | L41: N | M41: N | N41: N | O41: N
A42: 5d1 | B42: Management system Have they confirmed the management system meets our guidance? | E42: N | F42: N | G42: N | H42: Y | I42: Y | J42: N | K42: N | L42: N | M42: N | N42: N | O42: N
A43: 5d2 | B43: Have they selected a type of management system? | E43: N | F43: N | G43: N | H43: Y | I43: Y | J43: N | K43: N | L43: N | M43: N | N43: N | O43: N
B44: Percentage of form incomplete | C44: =(100*(COUNTIF(C3:C43,"No"))/((COUNTIF(C3:C43,"Yes"))+(COUNTIF(C3:C43,"No")))) -> #DIV/0! | D44: Where over 25% of responses are no, the form is regarded as incomplete | E44: N | F44: N | G44: N | H44: Y | I44: Y | J44: N | K44: N | L44: N | M44: N | N44: N | O44: N
E45: N | F45: N | G45: N | H45: Y | I45: Y | J45: N | K45: N | L45: N | M45: N | N45: N | O45: N
E46: N | F46: N | G46: N | H46: Y | I46: Y | J46: N | K46: N | L46: N | M46: N | N46: N | O46: N
A47: Appendix 2 – waste management plan for mining waste activity- Delete if not relevant | F47: N | G47: N | H47: Y | I47: Y | J47: N | K47: N | L47: N | M47: N | N47: N | O47: N
A48: Qu # | B48: Action | C48: Yes/No/NA | D48: Comments/ Document Ref. if given | E48: N | F48: N | G48: N | H48: Y | I48: Y | J48: N | K48: N | L48: N | M48: N | N48: N | O48: N
A49: A | B49: Are all yes/ no questions complete? | E49: N | F49: N | G49: N | H49: Y | I49: Y | J49: N | K49: N | L49: N | M49: N | N49: N | O49: N
A50: B | B50: Does the activity include one/ more inert waste mining facilities? | E50: N | F50: N | G50: N | H50: Y | I50: Y | J50: N | K50: N | L50: N | M50: N | N50: N | O50: N
A51: C | B51: Sector Category information complete? | E51: N | F51: N | G51: N | H51: Y | I51: Y | J51: N | K51: N | L51: N | M51: N | N51: N | O51: N
A52: Percentage of appendix incomplete | C52: =(100*(COUNTIF(C49:C51,"No"))/((COUNTIF(C49:C51,"Yes"))+(COUNTIF(C49:C51,"No")))) -> #DIV/0! | D52: Where over 25% of responses are no, the appendix is regarded as incomplete | E52: N | F52: N | G52: N | H52: Y | I52: Y | J52: N | K52: N | L52: N | M52: N | N52: N | O52: N
E53: N | F53: N | G53: N | H53: Y | I53: Y | J53: N | K53: N | L53: N | M53: N | N53: N | O53: N
A54: Appendix 3 – Medium Combustion Plant (‘MCP’) and combined MCP/Specified Generator Check List - Delete if not relevant | E54: N | F54: N | G54: N | H54: Y | I54: Y | J54: N | K54: N | L54: N | M54: N | N54: N | O54: N
A55: Qu # | B55: Action | C55: Yes/No/NA | D55: Comments/ Document Ref. if given | E55: N | F55: N | G55: N | H55: Y | I55: Y | J55: N | K55: N | L55: N | M55: N | N55: N | O55: N
A56: 1 | B56: MCPD identifier given? | E56: N | F56: N | G56: N | H56: Y | I56: Y | J56: N | K56: N | L56: N | M56: N | N56: N | O56: N
A57: 2 | B57: Rated thermal input given? | E57: N | F57: N | G57: N | H57: Y | I57: Y | J57: N | K57: N | L57: N | M57: N | N57: N | O57: N
A58: 3 | B58: Type of medium combustion plant given? | E58: N | F58: N | G58: N | H58: Y | I58: Y | J58: N | K58: N | L58: N | M58: N | N58: N | O58: N
A59: 4 | B59: Type of fuels given? | E59: N | F59: N | G59: N | H59: Y | I59: Y | J59: N | K59: N | L59: N | M59: N | N59: N | O59: N
A60: 5 | B60: Start date of the operation given? | E60: N | F60: N | G60: N | H60: Y | I60: Y | J60: N | K60: N | L60: N | M60: N | N60: N | O60: N
A61: 6 | B61: Sector of activity given? | E61: N | F61: N | G61: N | H61: Y | I61: Y | J61: N | K61: N | L61: N | M61: N | N61: N | O61: N
A62: 7 | B62: Expected number of annual operating hours given? | E62: N | F62: N | G62: N | H62: Y | I62: Y | J62: N | K62: N | L62: N | M62: N | N62: N | O62: N
A63: 8 | B63: Confirmation of hours of operation given? | E63: N | F63: N | G63: N | H63: Y | I63: Y | J63: N | K63: N | L63: N | M63: N | N63: N | O63: N
A64: 9 | B64: Confirmation of operator etc. given? | E64: N | F64: N | G64: N | H64: Y | I64: Y | J64: N | K64: N | L64: N | M64: N | N64: N | O64: N
A65: Percentage of appendix incomplete | C65: =(100*(COUNTIF(C56:C64,"No"))/((COUNTIF(C56:C64,"Yes"))+(COUNTIF(C56:C64,"No")))) -> #DIV/0! | D65: Where over 25% of responses are no, the appendix is regarded as incomplete | E65: N | F65: N | G65: N | H65: Y | I65: Y | J65: N | K65: N | L65: N | M65: N | N65: N | O65: N
E66: N | F66: N | G66: N | H66: Y | I66: Y | J66: N | K66: N | L66: N | M66: N | N66: N | O66: N
A67: Location criteria checks- Delete if not relevant (mobile plant only) | E67: N | F67: N | G67: N | H67: Y | I67: Y | J67: N | K67: N | L67: N | M67: N | N67: N | O67: N
B68: Answer: • Yes - if the criteria applies and the site is within the relevant distance, • No – if the criteria applies but the site is not within relevant distance, • N/A – if the criteria isn’t relevant to the rule set(s) you’re determining. | D68: Only check those designations relevant to the rule set(s) applied for. Check whether the permit area is within relevant distance to all relevant criteria. Use the MyMap report and carry out all required manual checks too, for things the report doesn’t pick up. If there are any other criteria relevant to the rule set you’re dealing with that aren’t included in the table below, add them in the blank columns. | E68: N | F68: N | G68: N | H68: Y | I68: Y | J68: N | K68: N | L68: N | M68: N | N68: N | O68: N
A69: Qu # | B69: Action | C69: Yes/No/NA | D69: Comments/ Document Ref. if given | E69: N | F69: N | G69: N | H69: Y | I69: Y | J69: N | K69: N | L69: N | M69: N | N69: N | O69: N
A70: 1 | B70: Special Areas of Conservation (SAC) | E70: N | F70: N | G70: N | H70: Y | I70: Y | J70: N | K70: N | L70: N | M70: N | N70: N | O70: N
A71: 2 | B71: Special Protection Area (SPA) | E71: N | F71: N | G71: N | H71: Y | I71: Y | J71: N | K71: N | L71: N | M71: N | N71: N | O71: N
A72: 3 | B72: Ramsar | E72: N | F72: N | G72: N | H72: Y | I72: Y | J72: N | K72: N | L72: N | M72: N | N72: N | O72: N
A73: 4 | B73: Site of Special Scientific Interest (SSSI) | E73: N | F73: N | G73: N | H73: Y | I73: Y | J73: N | K73: N | L73: N | M73: N | N73: N | O73: N
A74: 5 | B74: Protected species | E74: N | F74: N | G74: N | H74: Y | I74: Y | J74: N | K74: N | L74: N | M74: N | N74: N | O74: N
A75: 6 | B75: Protected Habitats | E75: N | F75: N | G75: N | H75: Y | I75: Y | J75: N | K75: N | L75: N | M75: N | N75: N | O75: N
A76: 7 | B76: Marine Protected Area (MPA) | E76: N | F76: N | G76: N | H76: Y | I76: Y | J76: N | K76: N | L76: N | M76: N | N76: N | O76: N
A77: 8 | B77: National Nature Reserve (NNR) | E77: N | F77: N | G77: N | H77: Y | I77: Y | J77: N | K77: N | L77: N | M77: N | N77: N | O77: N
A78: 9 | B78: Local Nature Reserve (LNR) | E78: N | F78: N | G78: N | H78: Y | I78: Y | J78: N | K78: N | L78: N | M78: N | N78: N | O78: N
A79: 10 | B79: Local Wildlife Site (LWS) | E79: N | F79: N | G79: N | H79: Y | I79: Y | J79: N | K79: N | L79: N | M79: N | N79: N | O79: N
A80: 11 | B80: Ancient Woodland | E80: N | F80: N | G80: N | H80: Y | I80: Y | J80: N | K80: N | L80: N | M80: N | N80: N | O80: N
A81: 12 | B81: World Heritage Site | E81: N | F81: N | G81: N | H81: Y | I81: Y | J81: N | K81: N | L81: N | M81: N | N81: N | O81: N
... A100: 31 | B100: In an Air Quality Management Area (AQMA) | E100: N | F100: N | G100: N | H100: Y | I100: Y | J100: N | K100: N | L100: N | M100: N | N100: N | O100: N

Sheet B2.C2
A1: Application form Part B2 – all new bespoke Application form Part C2 – bespoke variation | E1: New Bespoke Extractive Waste | F1: New Bespoke Tier 2 | G1: New Bespoke Tier 3 | H1: SRP- New or Var | I1: Variation Admin | J1: Variation MT and Normal | K1: Variation MT- SRP | L1: Transfer | M1: Surrender- Site | N1: Surrender Mobile Plant
A2: Qu # | B2: Action | C2: Yes/No/NA | D2: Comments and Document Ref. if given | E2: Y | F2: Y | G2: Y | H2: N | I2: N | J2: Y | K2: N | L2: N | M2: N | N2: N | P2: Yes
A3: 1a | B3: Has the pre-application advice question been answered (references/documents given)? | C3: N/A | E3: Y | F3: Y | G3: Y | H3: N | I3: N | J3: Y | K3: N | L3: N | M3: N | N3: N | P3: No
B4: Pre-application record found in DMS? | C4: N/A | E4: Y | F4: Y | G4: Y | H4: N | I4: N | J4: Y | K4: N | L4: N | M4: N | N4: N | P4: N/A
A5: 1b | B5: Option ‘site’ or 'mobile plant' selected? | E5: Y | F5: Y | G5: Y | H5: N | I5: N | J5: N | K5: N | L5: N | M5: N | N5: N
A6: 1c | B6: If indicated activity is mobile plant, have we agreed the activity is mobile plant? | E6: N | F6: N | G6: Y | H6: N | I6: N | J6: N | K6: N | L6: N | M6: N | N6: N
A7: 1d | B7: If there has been changes to this agreement, has a change document been provided? | E7: N | F7: N | G7: Y | H7: N | I7: N | J7: N | K7: N | L7: N | M7: N | N7: N
A8: 1b | B8: Permit number given | C8: Yes | D8: EPR/AB3095ZY | E8: N | F8: N | G8: N | H8: N | I8: N | J8: Y | K8: N | L8: N | M8: N | N8: N
A9: 1c | B9: Site name and address complete? | C9: Yes | E9: N | F9: N | G9: N | H9: N | I9: N | J9: Y | K9: N | L9: N | M9: N | N9: N
A10: 2a | B10: Site name, address and grid reference complete? | E10: Y | F10: Y | G10: Y | H10: N | I10: N | J10: N | K10: N | L10: N | M10: N | N10: N
A11: 2b | B11: Is the number of regulated facilities given? | E11: Y | F11: Y | G11: Y | H11: N | I11: N | J11: N | K11: N | L11: N | M11: N | N11: N
A12: 2c | B12: If one facility only: has the correct operation type been selected? | E12: Y | F12: Y | G12: Y | H12: N | I12: N | J12: N | K12: N | L12: N | M12: N | N12: N
A13: 2c1-2c4 | B13: Has the relevant question been answered? | E13: Y | F13: Y | G13: Y | H13: N | I13: N | J13: N | K13: N | L13: N | M13: N | N13: N
A14: 2d | B14: If more than one facility: has the correct operation type been selected? | E14: Y | F14: Y | G14: Y | H14: N | I14: N | J14: N | K14: N | L14: N | M14: N | N14: N
A15: 2d1- 2d4 | B15: Has the relevant question been answered for each facility? | E15: Y | F15: Y | G15: Y | H15: N | I15: N | J15: N | K15: N | L15: N | M15: N | N15: N
A16: 2f | B16: Has the question (treating batteries) been answered? | E16: Y | F16: Y | G16: Y | H16: N | I16: N | J16: N | K16: N | L16: N | M16: N | N16: N
A17: 2f | B17: If yes, is a document provided? | E17: Y | F17: Y | G17: Y | H17: N | I17: N | J17: N | K17: N | L17: N | M17: N | N17: N
A18: 2a | B18: Variation type picked? | C18: Yes | E18: N | F18: N | G18: N | H18: N | I18: N | J18: Y | K18: N | L18: N | M18: N | N18: N
A19: 2b | B19: Table 1 OR non-technical summary completed for the changes? | C19: Yes | E19: N | F19: N | G19: N | H19: N | I19: N | J19: Y | K19: N | L19: N | M19: N | N19: N
A20: 2c1 | B20: Has the question (modern/consolidated permit) been answered? | C20: No | E20: N | F20: N | G20: N | H20: N | I20: N | J20: Y | K20: N | L20: N | M20: N | N20: N
A21: 2c2 | B21: Multi-permit consolidations only Are all of the permit numbers listed in Table 2? | C21: N/A | E21: N | F21: N | G21: N | H21: N | I21: N | J21: Y | K21: N | L21: N | M21: N | N21: N
A22: 2e | B22: Has the question (treating batteries) been answered? | C22: Yes | E22: N | F22: N | G22: N | H22: N | I22: N | J22: Y | K22: N | L22: N | M22: N | N22: N
A23: 2e | B23: If answered yes; document reference provided? | C23: N/A | E23: N | F23: N | G23: N | H23: N | I23: N | J23: Y | K23: N | L23: N | M23: N | N23: N
A24: 3a | B24: Relevant offences Relevant offences question complete? | C24: Yes | E24: Y | F24: Y | G24: Y | H24: N | I24: N | J24: Y | K24: N | L24: N | M24: N | N24: N
A25: 3a | B25: If answered "yes", has relevant convictions information provided? | C25: N/A | E25: Y | F25: Y | G25: Y | H25: N | I25: N | J25: Y | K25: N | L25: N | M25: N | N25: N
A26: 3b1 | B26: Technical ability Has a Scheme option been selected? | C26: N/A | D26: Not required for variation to exisiting permitted waste facility | E26: Y | F26: Y | G26: Y | H26: N | I26: N | J26: Y | K26: N | L26: N | M26: N | N26: N
A27: 3b2 | B27: If yes; have they ticked to say they have included all certificates, and provided them? | C27: N/A | D27: Not required for variation to exisiting waste facility | E27: Y | F27: Y | G27: Y | H27: N | I27: N | J27: Y | K27: N | L27: N | M27: N | N27: N
A28: 3b2 | B28: If no; have they ticked to say they have included registration evidence, and provided them? | C28: N/A | E28: Y | F28: Y | G28: Y | H28: N | I28: N | J28: Y | K28: N | L28: N | M28: N | N28: N
A29: 3c | B29: Financial information Financial info complete? | C29: Yes | E29: Y | F29: Y | G29: Y | H29: N | I29: N | J29: Y | K29: N | L29: N | M29: N | N29: N
A30: 3c | B30: Has the applicant indicated that they are financially sound, i.e. do not need to provide financial provision for the activity? | C30: Yes | E30: Y | F30: Y | G30: Y | H30: N | I30: N | J30: Y | K30: N | L30: N | M30: N | N30: N
A31: 3d1 | B31: Management system Have they confirmed the management system meets our guidance? | C31: Yes | D31: For variations only: Only if varying to add a relevant waste activity to a permit that has not previously included one. | E31: Y | F31: Y | G31: Y | H31: N | I31: N | J31: Y | K31: N | L31: N | M31: N | N31: N
A32: 3d2 | B32: Have they selected a type of management system? | C32: Yes | E32: Y | F32: Y | G32: Y | H32: N | I32: N | J32: Y | K32: N | L32: N | M32: N | N32: N
A33: 3d3 | B33: Have they provided the summary of the management system? | C33: Yes | D33: Not for T2 bespoke This should not be needed for a MT var | E33: Y | F33: Y | G33: Y | H33: N | I33: N | J33: Y | K33: N | L33: N | M33: N | N33: N
A34: 4a | B34: Sewer question answered? | C34: Yes | D34: Not for T2 bespoke | E34: Y | F34: Y | G34: Y | H34: N | I34: N | J34: Y | K34: N | L34: N | M34: N | N34: N
A35: 4a | B35: If yes, is a sewerage undertaker named? | C35: N/A | D35: Not for T2 bespoke | E35: Y | F35: Y | G35: Y | H35: N | I35: N | J35: Y | K35: N | L35: N | M35: N | N35: N
A36: 4b | B36: Harbour authority question answered? | C36: Yes | D36: Not for T2 bespoke | E36: Y | F36: Y | G36: Y | H36: N | I36: N | J36: Y | K36: N | L36: N | M36: N | N36: N
A37: 4b | B37: If yes, is a harbour authority named? | C37: N/A | D37: Not for T2 bespoke | E37: Y | F37: Y | G37: Y | H37: N | I37: N | J37: Y | K37: N | L37: N | M37: N | N37: N
A38: 4c | B38: Fisheries question answered? | C38: Yes | D38: Not for T2 bespoke | E38: Y | F38: Y | G38: Y | H38: N | I38: N | J38: Y | K38: N | L38: N | M38: N | N38: N
A39: 4c | B39: If yes, is a fisheries committee named? | C39: N/A | D39: Not for T2 bespoke | E39: Y | F39: Y | G39: Y | H39: N | I39: N | J39: Y | K39: N | L39: N | M39: N | N39: N
A40: 4e | B40: Has the question (medium combustion plant or specified generator located within an Air Quality Management Area (AQMA)) been answered? | D40: Not for T2 bespoke | E40: N | F40: Y | G40: Y | H40: N | I40: N | J40: N | K40: N | L40: N | M40: N | N40: N
A41: 5a | B41: Site plan provided? | C41: Yes | E41: Y | F41: Y | G41: Y | H41: N | I41: N | J41: Y | K41: N | L41: N | M41: N | N41: N
A42: 5b | B42: Site condition report provided? | D42: Not for T2 bespoke | E42: Y | F42: Y | G42: Y | H42: N | I42: N | J42: N | K42: N | L42: N | M42: N | N42: N
A43: 5b | B43: If increasing permitted area has a site condition report been provided? | C43: N/A | D43: This should not be needed for a MT var | E43: N | F43: N | G43: N | H43: N | I43: N | J43: Y | K43: N | L43: N | M43: N | N43: N
A44: 5c | B44: Non-technical summary provided? | D44: Not for T2 bespoke | E44: Y | F44: Y | G44: Y | H44: N | I44: N | J44: N | K44: N | L44: N | M44: N | N44: N
A45: 6 | B45: Risk assessment provided? | C45: Yes | D45: Must include receptors identified during screening This should not be needed for a MT var | E45: Y | F45: Y | G45: Y | H45: N | I45: N | J45: Y | K45: N | L45: N | M45: N | N45: N
B46: Percentage of form incomplete | C46: =(100*(COUNTIF(C3:C45,"No"))/((COUNTIF(C3:C45,"Yes"))+(COUNTIF(C3:C45,"No")))) -> 5.8823529 | D46: Where over 25% of responses are no, the form is regarded as incomplete | E46: Y | F46: Y | G46: Y | H46: N | I46: N | J46: Y | K46: N | L46: N | M46: N | N46: N

Sheet B4.C4
A1: Application form Part B4 – new bespoke waste operation Application form Part C4 – bespoke variation waste operation | E1: New Bespoke Extractive Waste | F1: New Bespoke Tier 2 | G1: New Bespoke Tier 3 | H1: SRP- New or Var | I1: Variation Admin | J1: Variation MT and Normal | K1: Variation MT- SRP | L1: Transfer | M1: Surrender- Site | N1: Surrender Mobile Plant
A2: Qu # | B2: Action | C2: Yes/No/NA | D2: Comments and Document Ref. if given | E2: N | F2: Y | G2: Y | H2: N | I2: N | J2: Y | K2: N | L2: N | M2: N | N2: N
A3: 1a | B3: Has all sections of the completed? And document provided if needed? | C3: N/A | E3: N | F3: Y | G3: Y | H3: N | I3: N | J3: Y | K3: N | L3: N | M3: N | N3: N | P3: Yes
A4: 1b | B4: Waste types listed? | C4: Yes | E4: N | F4: Y | G4: Y | H4: N | I4: N | J4: Y | K4: N | L4: N | M4: N | N4: N | P4: No
A5: 1c1 | B5: Has the question (deposit for recovery activity) been answered? | C5: N/A | E5: N | F5: Y | G5: Y | H5: N | I5: N | J5: Y | K5: N | L5: N | M5: N | N5: N | P5: N/A
A6: 1c2 | B6: Have we confirmed it is recovery? | C6: N/A | E6: N | F6: Y | G6: Y | H6: N | I6: N | J6: Y | K6: N | L6: N | M6: N | N6: N
A7: 1c3 | B7: Has there been any changes since we agreed it was recovery? | C7: N/A | E7: N | F7: Y | G7: Y | H7: N | I7: N | J7: Y | K7: N | L7: N | M7: N | N7: N
A8: 1c4 | B8: Has a reference for the waste recovery plan been provided? | C8: N/A | E8: N | F8: Y | G8: Y | H8: N | I8: N | J8: Y | K8: N | L8: N | M8: N | N8: N
A9: 2 | B9: Emissions to air, water and land Table 2 completed for each activity listed in Table 1a? | C9: N/A | D9: no point source emissions | E9: N | F9: Y | G9: Y | H9: N | I9: N | J9: Y | K9: N | L9: N | M9: N | N9: N
B10: Point source emission to air | C10: N/A | D10: no point source emissions | E10: N | F10: Y | G10: Y | H10: N | I10: N | J10: Y | K10: N | L10: N | M10: N | N10: N
B11: Point source emission to water (other than sewers) | C11: N/A | D11: no point source emissions | E11: N | F11: Y | G11: Y | H11: N | I11: N | J11: Y | K11: N | L11: N | M11: N | N11: N
B12: Point source emission to sewers, effluent treatment plants or other transfer off site | C12: N/A | D12: no point source emissions | E12: N | F12: Y | G12: Y | H12: N | I12: N | J12: Y | K12: N | L12: N | M12: N | N12: N
B13: Point source emission to land | C13: N/A | D13: no point source emissions | E13: N | F13: Y | G13: Y | H13: N | I13: N | J13: Y | K13: N | L13: N | M13: N | N13: N
A14: 3a | B14: Technical standards Information complete for each activity listed in Table 1a? | C14: Yes | E14: N | F14: Y | G14: Y | H14: N | I14: N | J14: Y | K14: N | L14: N | M14: N | N14: N
B15: Has a document been provided if needed? | C15: Yes | E15: N | F15: Y | G15: Y | H15: N | I15: N | J15: Y | K15: N | L15: N | M15: N | N15: N
A16: 3b | B16: General requirements information complete for each activity listed? - fugitive emissions - noise - odour - fire - pests (not listed separately on application form) | E16: N | F16: Y | G16: Y | H16: N | I16: N | J16: Y | K16: N | L16: N | M16: N | N16: N
B17: Fugitive emissions: If the site falls within the scope of the following Environment Agency's Control and monitor emissions for your environmental permit guidance (dust section), has a DEMP been provided? | C17: Yes | E17: N | F17: Y | G17: Y | H17: N | I17: N | J17: Y | K17: N | L17: N | M17: N | N17: N
B18: Odour: a) If the site is undertaking an activity for 'which odour is a key issue' as outlined in 'how to comply with your environmental permit' guidance, has an OMP been provided? | C18: N/A | E18: N | F18: Y | G18: Y | H18: N | I18: N | J18: Y | K18: N | L18: N | M18: N | N18: N
B19: Odour: b) If the site's risk assessment has highlighted there is a risk of odour from this activity, has an OMP been provided? | C19: N/A | D19: If yes, an OMP is required, and the odour tab should be completed. If no, an OMP is not required and you do not need to complete the odour tab, and the answer should be marked as "n/a". | E19: N | F19: Y | G19: Y | H19: N | I19: N | J19: Y | K19: N | L19: N | M19: N | N19: N
B20: Odour: c) If variation, and operations have indicated that there is an issue with odour from the facility, has an OMP been provided? | C20: N/A | E20: N | F20: N | G20: N | H20: N | I20: N | J20: Y | K20: N | L20: N | M20: N | N20: N
B21: Noise: If a Noise Impact Assessment is required, has it been provided? | C21: N/A | E21: N | F21: Y | G21: Y | H21: N | I21: N | J21: Y | K21: N | L21: N | M21: N | N21: N
B22: Noise: If an adverse impact or significant adverse impact is concluded by the NIA, has a Noise Management Plan been provided? | C22: N/A | E22: N | F22: Y | G22: Y | H22: N | I22: N | J22: Y | K22: N | L22: N | M22: N | N22: N
B23: Fire: Is this a new bespoke permit application, that includes the acceptance and storage of combustible waste? | D23: Yes - FPMP is required and the FPMP tab must be completed. No - you do not need to complete the FPMP tab | E23: N | F23: Y | G23: Y | H23: N | I23: N | J23: N | K23: N | L23: N | M23: N | N23: N
B24: Fire: If this is a variation to add a new combustible material, has an FPMP been provided? | C24: N/A | E24: N | F24: N | G24: N | H24: N | I24: N | J24: Y | K24: N | L24: N | M24: N | N24: N
B25: Fire: If this is a variation to add a new activity, has an FPMP been provided? | C25: N/A | E25: N | F25: N | G25: N | H25: N | I25: N | J25: Y | K25: N | L25: N | M25: N | N25: N
B26: Fire: If this is a variation to increase the amount of waste stored at any one time, has an FPMP been provided? | C26: N/A | E26: N | F26: N | G26: N | H26: N | I26: N | J26: Y | K26: N | L26: N | M26: N | N26: N
B27: Fire: If this is a variation to increase the annual throughput only, has the required statement been provided? | C27: N/A | E27: N | F27: N | G27: N | H27: N | I27: N | J27: Y | K27: N | L27: N | M27: N | N27: N
B28: Pests: If a dedicated pests management plan required, has it been provided? This will depend on the types of wastes accepted, treatment types etc | C28: N/A | E28: N | F28: Y | G28: Y | H28: N | I28: N | J28: Y | K28: N | L28: N | M28: N | N28: N
A29: 3c | B29: Specific Sectors Has the relevant appendix been completed? - clinical waste - hazardous recovery and disposal - CLO to land - inert landfill | E29: N | F29: Y | G29: Y | H29: N | I29: N | J29: Y | K29: N | L29: N | M29: N | N29: N
A30: 4a | B30: Document provided for the monitoring of emissions from points listed in Table 2? | C30: N/A | E30: N | F30: Y | G30: Y | H30: N | I30: N | J30: Y | K30: N | L30: N | M30: N | N30: N
A31: 4b | B31: Point source emissions to air only Assessment provided? | C31: N/A | E31: N | F31: Y | G31: Y | H31: N | I31: N | J31: Y | K31: N | L31: N | M31: N | N31: N
B32: Percentage of form incomplete | C32: =(100*(COUNTIF(C3:C31,"No"))/((COUNTIF(C3:C31,"Yes"))+(COUNTIF(C3:C31,"No")))) -> 0 | D32: Where over 25% of responses are no, the form is regarded as incomplete | E32: N | F32: Y | G32: Y | H32: N | I32: N | J32: Y | K32: N | L32: N | M32: N | N32: N
A34: Additional Checks - confirming the variation type- on for use with a variation | E34: N | F34: N | G34: N | H34: N | I34: N | J34: Y | K34: Y | L34: N | M34: N | N34: N
A35: Qu # | B35: Action | C35: Yes/No/NA | D35: Notes | E35: N | F35: N | G35: N | H35: N | I35: N | J35: Y | K35: Y | L35: N | M35: N | N35: N
A36: 1 | B36: Has the operator indicated it’s an administrative variation? | D36: Yes: go to Q2 No: go to Q3 | E36: N | F36: N | G36: N | H36: N | I36: N | J36: Y | K36: Y | L36: N | M36: N | N36: N
A37: 2 | B37: Is the change applied for, one of those we accept as administrative? | D37: See examples in the Scheme for guidance on what sort of changes can be accepted as administrative. Yes: we can accept the operator’s variation (change) is administrative in nature. No further consideration needed. No: the variation (change) is not administrative, it’s chargeable. Consider Q3 onwards | E37: N | F37: N | G37: N | H37: N | I37: N | J37: Y | K37: Y | L37: N | M37: N | N37: N
A38: 3 | B38: Has the operator indicated it’s a Minor Technical variation? | D38: Yes: go to Q4 No: go to Q6 | E38: N | F38: N | G38: N | H38: N | I38: N | J38: Y | K38: Y | L38: N | M38: N | N38: N
A39: 4 | B39: Is the change applied for, one of those we accept as Minor Technical? | D39: Note: refer to definition of Minor Technical in the Charging scheme. Yes: go to Q5 No: go to Q6 | E39: N | F39: N | G39: N | H39: N | I39: N | J39: Y | K39: Y | L39: N | M39: N | N39: N
A40: 5 | B40: Does any of the following apply: - the site is High Public Interest or the type of activity is contentious (it’s incineration, landfill etc.)? - the emissions/ techniques involved are complex or novel, or complex modelling is required? - there are sensitive receiving environments around the site (such as designated sites, species etc.) | D40: Yes: the variation cannot be accepted as Minor Technical – as it involves extra effort at technical determination. Consider Q7 onwards No: we can accept the operator’s variation (change) is minor technical in nature. No further consideration needed. | E40: N | F40: N | G40: N | H40: N | I40: N | J40: Y | K40: Y | L40: N | M40: N | N40: N
A41: 6 | B41: Has the operator indicated it’s a Normal variation (of a waste facility activity/permit)? | D41: Yes: go to Q7 No: go to Q8 | E41: N | F41: N | G41: N | H41: N | I41: N | J41: Y | K41: Y | L41: N | M41: N | N41: N
A42: 7 | B42: Is the change applied for, one of those we accept as Normal? In other words, is it something that can/ should actually be considered as administrative, Minor technical or Substantial? | D42: Yes: we can accept the operator’s variation (change) is normal in nature. No further consideration needed. No: go to 8 Note: Substantial variations do not normally apply to waste facility permits. | E42: N | F42: N | G42: N | H42: N | I42: N | J42: Y | K42: Y | L42: N | M42: N | N42: N
A43: 8 | B43: Conclusion Consider whether the operator has chosen the wrong variation type." What type of variation do you assess the application to be? (Look again at questions 2, 4, 5 and 7 in this table.) Talk to the operator; identify the correct ‘type’ of variation, so we can process the application accordingly. | D43: If the operator has indicated that they this it’s a substantial change, ask them why they think this is the case. See RGN 8 for guidance on what type of changes fall under a Substantial variation. Refer to the Fees and Charges Scheme for guidance on variations. | E43: N | F43: N | G43: N | H43: N | I43: N | J43: Y | K43: Y | L43: N | M43: N | N43: N

Sheet B5.C5
A1: Application form Part B5 – New Bespoke Mining Waste Operation Permit Application form Part C5 – Bespoke Variation Mining Waste Operation Permit | E1: New Bespoke Extractive Waste | F1: New Bespoke Tier 2 | G1: New Bespoke Tier 3 | H1: SRP- New or Var | I1: Variation Admin | J1: Variation MT and Normal | K1: Variation MT- SRP | L1: Transfer | M1: Surrender- Site | N1: Surrender Mobile Plant
A2: Qu # | B2: Action | C2: Yes/No/NA | D2: Comments and Document Ref. if given | E2: Y | F2: N | G2: N | H2: N | I2: N | J2: Y | K2: N | L2: N | M2: N | N2: N
A3: 1a | B3: Activity/Activities selected? | E3: Y | F3: N | G3: N | H3: N | I3: N | J3: Y | K3: N | L3: N | M3: N | N3: N | P3: Yes
A4: 2 | B4: Waste Management Plan provided? | E4: Y | F4: N | G4: N | H4: N | I4: N | J4: Y | K4: N | L4: N | M4: N | N4: N | P4: No
A5: 3 | B5: External Emergency Plans provided? | D5: For Cat A MWF only | E5: Y | F5: N | G5: N | H5: N | I5: N | J5: Y | K5: N | L5: N | M5: N | N5: N | P5: N/A
A6: 4a | B6: Has the question on inert waste facilities been answered? | E6: Y | F6: N | G6: N | H6: N | I6: N | J6: Y | K6: N | L6: N | M6: N | N6: N
A7: 4b | B7: Sector category provided? | E7: Y | F7: N | G7: N | H7: N | I7: N | J7: Y | K7: N | L7: N | M7: N | N7: N
A8: 4c | B8: Has the question in integral water discharge been answered? | D8: If answered "yes"- form B6 needs to be completed | E8: Y | F8: N | G8: N | H8: N | I8: N | J8: Y | K8: N | L8: N | M8: N | N8: N
A9: 4d | B9: Has the question on integral groundwater regulated facility been answered? | D9: If answered "yes"- this needs to be in the waste management plan | E9: Y | F9: N | G9: N | H9: N | I9: N | J9: Y | K9: N | L9: N | M9: N | N9: N
B10: Percentage of form incomplete | C10: =(100*(COUNTIF(C3:C9,"No"))/((COUNTIF(C3:C9,"Yes"))+(COUNTIF(C3:C9,"No")))) -> #DIV/0! | D10: Where over 25% of responses are no, the form is regarded as incomplete | E10: Y | F10: N | G10: N | H10: N | I10: N | J10: Y | K10: N | L10: N | M10: N | N10: N

Sheet C0.5
A1: Application form Part C0.5 – administrative variation of a standard or bespoke permit | E1: New Bespoke Extractive Waste | F1: New Bespoke Tier 2 | G1: New Bespoke Tier 3 | H1: SRP- New or Var | I1: Variation Admin | J1: Variation MT and Normal | K1: Variation MT- SRP | L1: Transfer | M1: Surrender- Site | N1: Surrender Mobile Plant
A2: Qu # | B2: Action | C2: Yes/No/NA | D2: Comments Document Ref. if given | E2: n | F2: n | G2: n | H2: n | I2: y | J2: n | K2: Y | L2: n | M2: n | N2: n
A3: 1a | B3: Has the pre-application advice question been answered (references/documents given)? | D3: n/a if no pre-app has been detailed by the applicant | E3: N | F3: N | G3: N | H3: N | I3: Y | J3: N | K3: Y | L3: N | M3: N | N3: N | P3: Yes
A4: 1a | B4: Pre-application record found in DMS? | D4: Check DMS even if applicant has not provided info about pre-application- including CAR forms. n/a if none present, as above. | E4: N | F4: N | G4: N | H4: N | I4: Y | J4: N | K4: Y | L4: N | M4: N | N4: N | P4: No
A5: 1b | B5: Permit number given? | E5: N | F5: N | G5: N | H5: N | I5: Y | J5: N | K5: Y | L5: N | M5: N | N5: N | P5: N/A
A6: 1c | B6: Site name and address given? | E6: N | F6: N | G6: N | H6: N | I6: Y | J6: N | K6: Y | L6: N | M6: N | N6: N
A7: 2a | B7: ‘Details of administrative change’ Box complete? | E7: N | F7: N | G7: N | H7: N | I7: Y | J7: N | K7: Y | L7: N | M7: N | N7: N
A8: 3 | B8: If the change involves increasing the area of a SRP, has a revised site plan been provided? | D8: check where the activity is required to happen i.e. inside a building or not vs what is included in the site boundary to see if permit can be complied with/site boundary is suitable | E8: N | F8: N | G8: N | H8: N | I8: N | J8: N | K8: Y | L8: N | M8: N | N8: N
A9: 4 | B9: Contact details completed? | E9: N | F9: N | G9: N | H9: N | I9: Y | J9: N | K9: Y | L9: N | M9: N | N9: N
A10: 6 | B10: National Security: If the applicant has stated information should not be on the public register due to National Security risk, has the letter from the Welsh Ministers confirming this been provided? | E10: N | F10: N | G10: N | H10: N | I10: N | J10: N | K10: Y | L10: N | M10: N | N10: N
A11: 7a | B11: If not a relevant person; is box ticked to confirm authorisation is given? | E11: N | F11: N | G11: N | H11: N | I11: Y | J11: N | K11: Y | L11: N | M11: N | N11: N
A12: 7b | B12: If the application a standard facility; is box ticked to confirm SRP criteria is met? | E12: N | F12: N | G12: N | H12: N | I12: Y | J12: N | K12: Y | L12: N | M12: N | N12: N
A13: 7c | B13: Is the declaration complete? | E13: N | F13: N | G13: N | H13: N | I13: Y | J13: N | K13: Y | L13: N | M13: N | N13: N
A14: 7c | B14: Has the correct person completed the declaration? | D14: Check against relevant people for a company or LLP. | E14: N | F14: N | G14: N | H14: N | I14: Y | J14: N | K14: Y | L14: N | M14: N | N14: N
B15: Registered companies only: Is it registered and active on Companies House | D15: If permit is Mobile Plant, and the registered office address is changing to England, this will no longer be regulated by NRW- contact Materials to Land sector lead Date checked: | E15: N | F15: N | G15: N | H15: N | I15: Y | J15: N | K15: Y | L15: N | M15: N | N15: N
B16: Percentage of form incomplete | C16: =(100*(COUNTIF(C3:C15,"No"))/((COUNTIF(C3:C15,"Yes"))+(COUNTIF(C3:C15,"No")))) -> #DIV/0! | D16: Where over 25% of responses are no, the form is regarded as incomplete | E16: N | F16: N | G16: N | H16: N | I16: Y | J16: N | K16: Y | L16: N | M16: N | N16: N
E17: N | F17: N | G17: N | H17: N | I17: Y | J17: N | K17: Y | L17: N | M17: N | N17: N
A18: Additional Checks - confirming the variation ‘type’ | E18: N | F18: N | G18: N | H18: N | I18: Y | J18: N | K18: Y | L18: N | M18: N | N18: N
B19: Is the change applied for, one of those we accept as administrative? See charging scheme guide for examples | D19: Yes: we can accept the operator’s variation (change) is administrative in nature. e.g. change in the operator name and/or address where there is no change in the legal entity (e.g. no change to companies house number). No further consideration needed. No: the variation (change) is not administrative, it’s chargeable. STOP! Get in touch with the operator and discuss the next steps (likely return of the application). | E19: N | F19: N | G19: N | H19: N | I19: Y | J19: N | K19: Y | L19: N | M19: N | N19: N | O19: https://naturalresources.wales/about-us/what-we-do/how-we-regulate-you/our-charges/?lang=en
E20: N | F20: N | G20: N | H20: N | I20: N | J20: N | K20: Y | L20: N | M20: N | N20: N
A21: Location criteria checks | E21: N | F21: N | G21: N | H21: N | I21: N | J21: N | K21: Y | L21: N | M21: N | N21: N
B22: Answer: • Yes - if the criteria applies and the site is within the relevant distance, • No – if the criteria applies but the site is not within relevant distance, • N/A – if the criteria isn’t relevant to the rule set(s) you’re determining. | D22: Only check those designations relevant to the rule set(s) applied for. Check whether the permit area is within relevant distance to all relevant criteria. Use the MyMap report and carry out all required manual checks too, for things the report doesn’t pick up. If there are any other criteria relevant to the rule set you’re dealing with that aren’t included in the table below, add them in the blank columns. | E22: N | F22: N | G22: N | H22: N | I22: N | J22: N | K22: Y | L22: N | M22: N | N22: N
A23: Qu # | B23: Action | C23: Yes/No/NA | D23: Comments/ Document Ref. if given | E23: N | F23: N | G23: N | H23: N | I23: N | J23: N | K23: Y | L23: N | M23: N | N23: N
A24: 1 | B24: Special Areas of Conservation (SAC) | E24: N | F24: N | G24: N | H24: N | I24: N | J24: N | K24: Y | L24: N | M24: N | N24: N
A25: 2 | B25: Special Protection Area (SPA) | E25: N | F25: N | G25: N | H25: N | I25: N | J25: N | K25: Y | L25: N | M25: N | N25: N
A26: 3 | B26: Ramsar | E26: N | F26: N | G26: N | H26: N | I26: N | J26: N | K26: Y | L26: N | M26: N | N26: N
A27: 4 | B27: Site of Special Scientific Interest (SSSI) | E27: N | F27: N | G27: N | H27: N | I27: N | J27: N | K27: Y | L27: N | M27: N | N27: N
A28: 5 | B28: Protected species | E28: N | F28: N | G28: N | H28: N | I28: N | J28: N | K28: Y | L28: N | M28: N | N28: N
A29: 6 | B29: Protected Habitats | E29: N | F29: N | G29: N | H29: N | I29: N | J29: N | K29: Y | L29: N | M29: N | N29: N
A30: 7 | B30: Marine Protected Area (MPA) | E30: N | F30: N | G30: N | H30: N | I30: N | J30: N | K30: Y | L30: N | M30: N | N30: N
A31: 8 | B31: National Nature Reserve (NNR) | E31: N | F31: N | G31: N | H31: N | I31: N | J31: N | K31: Y | L31: N | M31: N | N31: N
A32: 9 | B32: Local Nature Reserve (LNR) | E32: N | F32: N | G32: N | H32: N | I32: N | J32: N | K32: Y | L32: N | M32: N | N32: N
A33: 10 | B33: Local Wildlife Site (LWS) | E33: N | F33: N | G33: N | H33: N | I33: N | J33: N | K33: Y | L33: N | M33: N | N33: N
A34: 11 | B34: Ancient Woodland | E34: N | F34: N | G34: N | H34: N | I34: N | J34: N | K34: Y | L34: N | M34: N | N34: N
A35: 12 | B35: World Heritage Site | E35: N | F35: N | G35: N | H35: N | I35: N | J35: N | K35: Y | L35: N | M35: N | N35: N
... A54: 31 | B54: In an Air Quality Management Area (AQMA) | E54: N | F54: N | G54: N | H54: N | I54: N | J54: N | K54: Y | L54: N | M54: N | N54: N

Sheet D2
A1: Application form Part D2 – application for transfer | E1: New Bespoke Extractive Waste | F1: New Bespoke Tier 2 | G1: New Bespoke Tier 3 | H1: SRP- New or Var | I1: Variation Admin | J1: Variation MT and Normal | K1: Variation MT- SRP | L1: Transfer | M1: Surrender- Site | N1: Surrender Mobile Plant
A2: Qu # | B2: Action | C2: Yes/No/NA | D2: Comments/Document Ref. if given | E2: Y | F2: Y | G2: Y | H2: Y | I2: Y | J2: Y | K2: Y | L2: Y | M2: Y | N2: Y
A3: 1a | B3: Has the pre-application advice question been answered (references/documents given)? | D3: n/a if no pre-app has been detailed by the applicant | E3: N | F3: N | G3: N | H3: N | I3: N | J3: N | K3: N | L3: Y | M3: N | N3: N | P3: Yes
B4: Pre-application record found in DMS? | D4: Check DMS even if applicant has not provided info about pre-application- including CAR forms. n/a if none present, as above. | E4: N | F4: N | G4: N | H4: N | I4: N | J4: N | K4: N | L4: Y | M4: N | N4: N | P4: No
A5: 1b | B5: Permit number provided? | E5: N | F5: N | G5: N | H5: N | I5: N | J5: N | K5: N | L5: Y | M5: N | N5: N | P5: N/A
A6: 1c | B6: Site name, address and grid reference given? | E6: N | F6: N | G6: N | H6: N | I6: N | J6: N | K6: N | L6: Y | M6: N | N6: N
A7: 2a | B7: Transfer type picked? | E7: N | F7: N | G7: N | H7: N | I7: N | J7: N | K7: N | L7: Y | M7: N | N7: N
A8: 2b | B8: Whole transfers only Has the question on the management structure of the proposed new holder been answered? i.e. are they substantially the same as the current holder? | D8: This question is predominately around the fee to be paid, however is not solely about the fee. For waste facilities, the fee will always be the relevant tier 2 (SRP) fee or the fixed £2047 no matter what the answer is to this question. HOWEVER, if they answer yes, they should supply a document ref. The content of which will help dictate potentially the level of assessment required at determination: EXAMPLE: if the submitted document for this question says the TCM is the same as the one when we assessed the original permit, theoretically you do not need to assess the original award at determination, only the continuing competency. | E8: N | F8: N | G8: N | H8: N | I8: N | J8: N | K8: N | L8: Y | M8: N | N8: N
A9: 3a | B9: Part transfers only Has Table 1 been completed? | E9: N | F9: N | G9: N | H9: N | I9: N | J9: N | K9: N | L9: Y | M9: N | N9: N
A10: 3a | B10: If needed, has a document (and reference) been provided? | E10: N | F10: N | G10: N | H10: N | I10: N | J10: N | K10: N | L10: Y | M10: N | N10: N
A11: 3b | B11: Part transfers only Have plans been provided to show the area split? | E11: N | F11: N | G11: N | H11: N | I11: N | J11: N | K11: N | L11: Y | M11: N | N11: N
A12: 3c | B12: Part transfers only Has the question on if the permit conditions need to be varied been answered? | E12: N | F12: N | G12: N | H12: N | I12: N | J12: N | K12: N | L12: Y | M12: N | N12: N
A13: 3c | B13: If yes, has a document been provided? | E13: N | F13: N | G13: N | H13: N | I13: N | J13: N | K13: N | L13: Y | M13: N | N13: N
A14: 4a | B14: Relevant offences Relevant offences question complete? | E14: N | F14: N | G14: N | H14: N | I14: N | J14: N | K14: N | L14: Y | M14: N | N14: N
A15: 4a | B15: If answered "yes", has relevant convictions information provided? | E15: N | F15: N | G15: N | H15: N | I15: N | J15: N | K15: N | L15: Y | M15: N | N15: N
A16: 4b1 | B16: Technical ability Has a Scheme option been selected? | E16: N | F16: N | G16: N | H16: N | I16: N | J16: N | K16: N | L16: Y | M16: N | N16: N
A17: 4b2 | B17: Have they ticked to say they have included all certificates, and provided them? | D17: This MUST be provided | E17: N | F17: N | G17: N | H17: N | I17: N | J17: N | K17: N | L17: Y | M17: N | N17: N
A18: 4c | B18: Financial information Financial info complete? | E18: N | F18: N | G18: N | H18: N | I18: N | J18: N | K18: N | L18: Y | M18: N | N18: N
B19: Has the applicant indicated that they are financially sound, i.e. do not need to provide financial provision for the activity? | D19: Financial provision will be required if insolvent/bankrupt, or depending on activity type. | E19: N | F19: N | G19: N | H19: N | I19: N | J19: N | K19: N | L19: Y | M19: N | N19: N
A20: 4d1 | B20: Management system Have they confirmed the management system meets our guidance? | E20: N | F20: N | G20: N | H20: N | I20: N | J20: N | K20: N | L20: Y | M20: N | N20: N
A21: 4d2 | B21: Have they selected a type of management system? | E21: N | F21: N | G21: N | H21: N | I21: N | J21: N | K21: N | L21: Y | M21: N | N21: N
A22: 4d3 | B22: Has a document been provided? | D22: A summary MUST be provided, unless they are using existing but we would expect them to give the reference of the current site EMS – please see the officer comments section of this checklist for further guidance | E22: N | F22: N | G22: N | H22: N | I22: N | J22: N | K22: N | L22: Y | M22: N | N22: N
A23: 5 | B23: Has a date for the transfer been provided? | D23: If this date is in the past we cannot retrospectively issue a transfer. If the date is in the future- check if this is a legal or date, or just 2 months from submission | E23: N | F23: N | G23: N | H23: N | I23: N | J23: N | K23: N | L23: Y | M23: N | N23: N
B24: Percentage of form incomplete | C24: =(100*(COUNTIF(C3:C23,"No"))/((COUNTIF(C3:C23,"Yes"))+(COUNTIF(C3:C23,"No")))) -> #DIV/0! | D24: Where over 25% of responses are no, the form is regarded as incomplete | E24: N | F24: N | G24: N | H24: N | I24: N | J24: N | K24: N | L24: Y | M24: N | N24: N
A27: Duly making actions to take in relation to question 4d3 of form D2 Even if they have a different structure (in answer to question 2b) they may still be using the same EMS. Question 4d3 of form D2, does not specifically ask this. It has been recognised that there is a gap of information we may require because of the wording of this question and so has been added to the list for future application form updates. Whilst we await this amendment, for now, at duly making: 1. Scenario 1: If no document has been submitted for this question: call/confirm in writing to applicant and ask if they are to use all currently approved management systems of existing operator. If they say yes, log in duly making checklist. No assessment of management plans to be done at determination 2. Scenario 2: If no document has been provided for this question, call/confirm in writing to applicant and ask if they are to use all currently approved management systems of existing operator. If they say no, request the EMS summary via not duly made process 3. Scenario 3: EMS summary submitted. As the question only asks for summary, call/confirm in writing applicant whether the summary is based on the existing approved EMS. If yes, log in duly making checklist. No assessment of management plans to be done at determination. 4. Scenario 4: EMS summary submitted. As the question only asks for summary, call/confirm in writing applicant whether the summary is based on the existing approved EMS. If no, log this in the duly making checklist. Determining officer must assess the EMS at determination stage, checking it is in line with “How to Comply” to satisfy the operator competence check.

Sheet E2
A1: Application form Part E2 – application for surrender | E1: New Bespoke Extractive Waste | F1: New Bespoke Tier 2 | G1: New Bespoke Tier 3 | H1: SRP- New or Var | I1: Variation Admin | J1: Variation MT and Normal | K1: Variation MT- SRP | L1: Transfer | M1: Surrender- Site | N1: Surrender Mobile Plant
A2: Qu # | B2: Action | C2: Yes/No/NA | D2: Comments/ Document Ref. if given | E2: N | F2: N | G2: N | H2: N | I2: N | J2: N | K2: N | L2: N | M2: Y | N2: Y
A3: 1a | B3: Has the pre-application advice question been answered (references/documents given)? | D3: n/a if no pre-app has been detailed by the applicant | E3: N | F3: N | G3: N | H3: N | I3: N | J3: N | K3: N | L3: N | M3: Y | N3: Y | P3: Yes
A4: 1a | B4: Pre-application record found in DMS? | D4: Check DMS even if applicant has not provided info about pre-application- including CAR forms. n/a if none present, as above. | E4: N | F4: N | G4: N | H4: N | I4: N | J4: N | K4: N | L4: N | M4: Y | N4: Y | P4: No
A5: 1b | B5: Permit number given? | E5: N | F5: N | G5: N | H5: N | I5: N | J5: N | K5: N | L5: N | M5: Y | N5: Y | P5: N/A
A6: 1c | B6: Type of permit confirmed? (Site or Mobile Plant) | E6: N | F6: N | G6: N | H6: N | I6: N | J6: N | K6: N | L6: N | M6: Y | N6: Y
A7: 1d | B7: Site details given? | E7: N | F7: N | G7: N | H7: N | I7: N | J7: N | K7: N | L7: N | M7: Y | N7: N
A8: 2a | B8: Has the question on MCP or SG been answered? | E8: N | F8: N | G8: N | H8: N | I8: N | J8: N | K8: N | L8: N | M8: Y | N8: N
A9: 2b | B9: Has the question on low risk surrender been answered? | E9: N | F9: N | G9: N | H9: N | I9: N | J9: N | K9: N | L9: N | M9: Y | N9: N
A10: 2b | B10: If answered ‘Yes’ to 2b, has a document reference been provided? | E10: N | F10: N | G10: N | H10: N | I10: N | J10: N | K10: N | L10: N | M10: Y | N10: N
A11: 2c | B11: Has the question on basic surrender been answered? | E11: N | F11: N | G11: N | H11: N | I11: N | J11: N | K11: N | L11: N | M11: Y | N11: N
A12: 2c | B12: If answered ‘Yes’ to 2c, has a document reference been provided? | E12: N | F12: N | G12: N | H12: N | I12: N | J12: N | K12: N | L12: N | M12: Y | N12: N
A13: 2d | B13: Has the operator provided confirmation of discussions with operations which confirm that the application is a Low Risk Surrender | D13: Within this confirmation have Operations outlined that it is based on a review of the site records (e.g. CAR forms, waste returns, pollution history etc). | E13: N | F13: N | G13: N | H13: N | I13: N | J13: N | K13: N | L13: N | M13: Y | N13: N
A14: 2e | B14: If changes have been made since we agreed the low risk status, has a document reference been provided for the justification? | E14: N | F14: N | G14: N | H14: N | I14: N | J14: N | K14: N | L14: N | M14: Y | N14: N
A15: 2f | B15: Question on type of surrender (full or partial) completed? | D15: If ‘All of permit’ go to section 4. If ‘Part of permit’ go to section 3. | E15: N | F15: N | G15: N | H15: N | I15: N | J15: N | K15: N | L15: N | M15: Y | N15: N
A16: 3a | B16: Part surrender only Site plan for whole permit site provided? | E16: N | F16: N | G16: N | H16: N | I16: N | J16: N | K16: N | L16: N | M16: Y | N16: N
A17: 3b | B17: Part surrender only Site plan for remaining areas provided? | E17: N | F17: N | G17: N | H17: N | I17: N | J17: N | K17: N | L17: N | M17: Y | N17: N
A18: 3c | B18: Part surrender only Table 1 completed with activities to be surrendered? | E18: N | F18: N | G18: N | H18: N | I18: N | J18: N | K18: N | L18: N | M18: Y | N18: N
A19: 3d | B19: Part surrender only Has the question on if the permit conditions need to be varied been answered? | E19: N | F19: N | G19: N | H19: N | I19: N | J19: N | K19: N | L19: N | M19: Y | N19: N
A20: 4a | B20: Site Condition Report Has a document reference been provided? | E20: N | F20: N | G20: N | H20: N | I20: N | J20: N | K20: N | L20: N | M20: Y | N20: N
A21: 4b | B21: Steps to return site to satisfactory condition Has a document reference been provided? | E21: N | F21: N | G21: N | H21: N | I21: N | J21: N | K21: N | L21: N | M21: Y | N21: N
A22: 4c | B22: Has the financial provision question been answered? | E22: N | F22: N | G22: N | H22: N | I22: N | J22: N | K22: N | L22: N | M22: Y | N22: N
A23: 5 | B23: Mobile plant only Has the surrender date been completed? | D23: Surrender Mobile Plant- This must include a date at least 20 working days from the date the notification was completed | E23: N | F23: N | G23: N | H23: N | I23: N | J23: N | K23: N | L23: N | M23: Y | N23: Y
B24: Percentage of form incomplete | C24: =(100*(COUNTIF(C3:C23,"No"))/((COUNTIF(C3:C23,"Yes"))+(COUNTIF(C3:C23,"No")))) -> #DIV/0! | D24: Where over 25% of responses are no, the form is regarded as incomplete | E24: N | F24: N | G24: N | H24: N | I24: N | J24: N | K24: N | L24: N | M24: Y | N24: Y
E25: N | F25: N | G25: N | H25: N | I25: N | J25: N | K25: N | L25: N | M25: Y | N25: Y
A26: Additional Checks - confirming the surrender ‘type’ | E26: N | F26: N | G26: N | H26: N | I26: N | J26: N | K26: N | L26: N | M26: Y | N26: Y
A27: Q | B27: Action | C27: Yes/No/NA | D27: Notes | E27: N | F27: N | G27: N | H27: N | I27: N | J27: N | K27: N | L27: N | M27: N | N27: N
A28: 1 | B28: Has the operator indicated it is low risk surrender? | D28: Yes: go to Q2 No: go to Q3 | E28: N | F28: N | G28: N | H28: N | I28: N | J28: N | K28: N | L28: N | M28: Y | N28: N
A29: 2 | B29: Does the evidence provided meet the definition/ requirements of low risk surrender? | D29: We do not rely on the assessment made by Operations at pre-application stage. You need to ensure that you have assessed this yourself prior to duly making the application. To undertake this assessment you will need to look at the operators Site Condition Report, and any CAR forms on the DMS/EDRM. You will need to refer to the description of Low Risk surrender in section 2.15 of RGN9 and the situations when an intrusive investigation is needed in Box 1 of H5. Note: if an intrusive investigation is needed, it’s not low risk surrender. If the permit is for permanent deposit of waste in or on land, also refer to relevant guidance for that activity, to ensure it is low risk surrender. If in doubt speak with your mentor before duly making the application. Yes: we can accept the surrender is low risk. No further consideration needed. No: this is not low risk surrender. Consider Q3 onwards | E29: N | F29: N | G29: N | H29: N | I29: N | J29: N | K29: N | L29: N | M29: Y | N29: N
A30: 3 | B30: Has the applicant indicated it’s a basic surrender? | D30: Yes: go to Q4 No: go to Q5 | E30: N | F30: N | G30: N | H30: N | I30: N | J30: N | K30: N | L30: N | M30: Y | N30: N
A31: 4 | B31: Does the permit type and evidence provided meet the definition/ requirements of basic surrender? | D31: Note: basic surrender is only available for certain permit types and only in certain circumstances. (Refer to sections 2.13 and 2.14 of RGN9 for guidance.) If the permit is for permanent deposit of waste in or on land, also refer to relevant guidance for that activity, to ensure it is basic surrender. Yes: we can accept the surrender is basic. No further consideration needed. No: this is not a basic surrender. Consider Q5 onwards | E31: N | F31: N | G31: N | H31: N | I31: N | J31: N | K31: N | L31: N | M31: Y | N31: N
A32: 5 | B32: Has the applicant indicated it’s a ‘non-operational’ surrender? | D32: Yes: go to Q6 No: go to Q7 | E32: N | F32: N | G32: N | H32: N | I32: N | J32: N | K32: N | L32: N | M32: Y | N32: N
A33: 6 | B33: Does the evidence provided meet the definition/ requirements of a ‘non-operational’ surrender? | D33: Note: the evidence should be from/ confirmed by the current site compliance officer. (Refer to section 4.5.3 of the Charging scheme for more information.) Yes: we can accept the surrender is for a ‘non-operational’ site. No further consideration needed. No: the surrender is for a site that’s never operated. Consider Q7 onwards | E33: N | F33: N | G33: N | H33: N | I33: N | J33: N | K33: N | L33: N | M33: Y | N33: N
A34: 7 | B34: Has the operator indicated it’s a ‘normal/ full’ surrender? | D34: Yes: go to Q8 No: go to Q9 | E34: N | F34: N | G34: N | H34: N | I34: N | J34: N | K34: N | L34: N | M34: Y | N34: N
A35: 8 | B35: Does the surrender (based on permit type and evidence) need to be treated as a normal/ full surrender? | D35: In other words, is it a surrender which requires an intrusive investigation and full assessment of the legal surrender criteria? (Refer to paragraph 14, Schedule 5 to the EPR Regulations and the legal surrender test.) Yes: we can accept the ‘full’ surrender application. No further consideration needed. No: go to 9 | E35: N | F35: N | G35: N | H35: N | I35: N | J35: N | K35: N | L35: N | M35: Y | N35: N
A36: 9 | B36: Consider whether the operator has chosen the wrong surrender type. | D36: What type of surrender do you assess the application to be? (Look again at questions 2, 4, 6 and 8 in this table.) Talk to the operator; identify the correct ‘type’ of surrender, so we can process the application accordingly. The Power Bi Waste return data is a useful tool in helping decide the correct surrender type Note: refer to RGN9 and H5. Consider all relevant evidence of compliance/ incidents in our records. Do our records suggest that an intrusive investigation in needed – in order to assess impact. | E36: N | F36: N | G36: N | H36: N | I36: N | J36: N | K36: N | L36: N | M36: Y | N36: N

Sheet Decision and actions
A1: Decision and actions required | E1: New Bespoke Extractive Waste | F1: New Bespoke Tier 2 | G1: New Bespoke Tier 3 | H1: New SRP | I1: Variation Admin | J1: Variation MT and Normal | K1: Variation MT- SRP | L1: Transfer | M1: Surrender- Site | N1: Surrender Mobile Plant
A2: Action | B2: Yes/No/NA | C2: Date | D2: Notes | E2: Y | F2: Y | G2: Y | H2: Y | I2: Y | J2: Y | K2: Y | L2: Y | M2: Y | N2: Y
A3: Are all relevant documents present and do they appear to cover the right information? | B3: Yes | C3: 45077 | E3: Y | F3: Y | G3: Y | H3: Y | I3: Y | J3: Y | K3: Y | L3: Y | M3: Y | N3: Y | P3: Yes
A4: Is the fee correct? | B4: Yes | C4: 45077 | E4: Y | F4: Y | G4: Y | H4: Y | I4: N | J4: Y | K4: Y | L4: Y | M4: Y | N4: Y | P4: No
A5: Not duly made email sent for additional information/fee? | B5: N/A | C5: N/A | E5: Y | F5: Y | G5: Y | H5: Y | I5: Y | J5: Y | K5: Y | L5: Y | M5: Y | N5: Y | P5: N/A
A6: Has the requested information been received by the deadline date? | B6: N/A | C6: N/A | E6: Y | F6: Y | G6: Y | H6: Y | I6: Y | J6: Y | K6: Y | L6: Y | M6: Y | N6: Y
A7: Application returned? | B7: N/A | C7: N/A | E7: Y | F7: Y | G7: Y | H7: Y | I7: Y | J7: Y | K7: Y | L7: Y | M7: Y | N7: Y
A8: Application withdrawn? | B8: N/A | C8: N/A | E8: Y | F8: Y | G8: Y | H8: Y | I8: Y | J8: Y | K8: Y | L8: Y | M8: Y | N8: Y
A9: Application duly made? | B9: Yes | C9: 45078 | E9: Y | F9: Y | G9: Y | H9: Y | I9: Y | J9: Y | K9: Y | L9: Y | M9: Y | N9: Y
A10: Status on PALS updated? | B10: Yes | C10: 45078 | E10: Y | F10: Y | G10: Y | H10: Y | I10: Y | J10: Y | K10: Y | L10: Y | M10: Y | N10: Y
A11: Duly made email sent? | B11: Yes | C11: 45078 | E11: Y | F11: Y | G11: Y | H11: Y | I11: Y | J11: Y | K11: Y | L11: Y | M11: Y | N11: Y
A12: Publicise on web? | E12: Y | F12: Y | G12: Y | H12: Y | I12: N | J12: N | K12: N | L12: N | M12: N | N12: N
A13: Advertise in newspaper? | D13: Only for HPI sites | E13: Y | F13: Y | G13: Y | H13: Y | I13: N | J13: N | K13: N | L13: N | M13: N | N13: N
A14: Publicise in Social Media ( email the link for the web advert to Comms team) | E14: Y | F14: N | G14: N | H14: N | I14: N | J14: N | K14: N | L14: N | M14: N | N14: N
A15: Consultation with Consultees (i.e. LPA, PHW, EH, HSE, PCT) | E15: Y | F15: N | G15: N | H15: N | I15: N | J15: N | K15: N | L15: N | M15: N | N15: N
A16: DM checklist saved to the DMS | B16: Yes | C16: 45078 | E16: Y | F16: Y | G16: Y | H16: Y | I16: Y | J16: Y | K16: Y | L16: Y | M16: Y | N16: Y
A17: Landfill Disposal Tax team informed | B17: N/A | C17: N/A | E17: Y | F17: Y | G17: Y | H17: Y | I17: Y | J17: Y | K17: Y | L17: Y | M17: Y | N17: Y
E18: Y | F18: Y | G18: Y | H18: Y | I18: Y | J18: Y | K18: Y | L18: Y | M18: Y | N18: Y
A19: ‘Duly Made’ officers notes: Use this box to record conversations with the applicant/ operator, detailed reasons why the application can/cannot be duly made and any subsequent correspondence or actions. Matthew Fryer - 25/03/2023 - Matthew Fryer completed the duly making checks between 18/05/2023 and the 25/05/2023. | E19: Y | F19: Y | G19: Y | H19: Y | I19: Y | J19: Y | K19: Y | L19: Y | M19: Y | N19: Y
E20: Y | F20: Y | G20: Y | H20: Y | I20: Y | J20: Y | K20: Y | L20: Y | M20: Y | N20: Y
E21: Y | F21: Y | G21: Y | H21: Y | I21: Y | J21: Y | K21: Y | L21: Y | M21: Y | N21: Y
E22: Y | F22: Y | G22: Y | H22: Y | I22: Y | J22: Y | K22: Y | L22: Y | M22: Y | N22: Y
E23: Y | F23: Y | G23: Y | H23: Y | I23: Y | J23: Y | K23: Y | L23: Y | M23: Y | N23: Y
A25: Percentage of forms/documents incomplete
A26: Where over 25% of responses are no, the application is regarded as incomplete
A27: Doc and info check | B27: ='Doc''s & info'!B32 -> 0
A28: Part A | B28: =A!C9 -> 0
A29: Part F1 | B29: ='F1'!C20 -> 0
A30: Part B1.C1 | B30: ='B1.C1'!C44 -> #DIV/0!
A31: Part B1.C1- Appendix 2 | B31: ='B1.C1'!C52 -> #DIV/0!
A32: Part B1.C1- Appendix 3 | B32: ='B1.C1'!C65 -> #DIV/0!
A33: Part B2.C2 | B33: ='B2.C2'!C46 -> 5.8823529
A34: Part B4.C4 | B34: ='B4.C4'!C32 -> 0
A35: Part B4.C4- Appendix 1 | B35: ='B4.C4'!#REF! -> #REF!
A36: Part B4.C4- Appendix 2 | B36: ='B4.C4'!#REF! -> #REF!
A37: Part B4.C4- Appendix 3 | B37: ='B4.C4'!#REF! -> #REF!
A38: Part B4.C4- Appendix 4 | B38: ='B4.C4'!#REF! -> #REF!
A39: Part B5.C5 | B39: ='B5.C5'!C10 -> #DIV/0!
A40: Part C0.5 | B40: ='C0.5'!C16 -> #DIV/0!
A41: Part D2 | B41: ='D2'!C24 -> #DIV/0!
A42: Part E2 | B42: ='E2'!C24 -> #DIV/0!
A43: EMS | B43: =EMS!C49 -> 0
A44: TCM | B44: ='TCM '!C21 -> #DIV/0!
A45: Risk Assessments | B45: ='Risk Assessment'!C55 -> 0
A46: FPMP | B46: ='FPMP '!C68 -> #DIV/0!
A47: Noise | B47: =Noise!C43 -> #DIV/0!
A48: Odour | B48: =Odour!C37 -> #DIV/0!
A49: Dust | B49: ='Dust '!C33 -> 4.5454545
A50: Pests | B50: =Pests!C36 -> #DIV/0!
A51: DfR | B51: ='DfR '!C61 -> #DIV/0!

Sheet OPRA
A1: OPRA review
A3: TAB: Complexity_Emissions_Location | B3: Correct/Not correct | C3: Reason
A4: Complexity Attribute | B4: Correct | C4: Activity code is correct
A5: Emissions Attribute (Waste Input) | B5: Correct | C5: Throughput is as per Part C2
A6: Location Attributes
A7: Proximity to Human Occupation | B7: Correct | C7: See mymap report
A8: Assessment under wildlife, countryside or habitats legislation | B8: Correct | C8: See mymap report
A9: Groundwater/Aquifers | B9: Correct | C9: See mymap report
A10: Sensitivity of surface water | B10: Correct | C10: See mymap report
A11: Direct run-offs | B11: Correct | C11: See mymap report
A12: Air Quality Management Zone | B12: Correct | C12: See mymap report
A13: Flood Plain | B13: Correct | C13: See mymap report
A15: TAB: Operator Performance | B15: Correct | C15: Appears correct
A19: Start score: | B19: 57
A20: Start fee: | B20: 8094
A21: End score: | B21: 57
A22: End fee: | B22: 8094
A24: Difference in score: | B24: =B21-B19 -> 0
A25: Difference in fee: | B25: =B22-B20 -> 0

Sheet EMS
A1: Environment Management System
A3: This applies to all new bespoke permits and variations. If the permit is a normal variation, only the relevant parts of the EMS should be updated by the operator and assessed.
A5: Document reference
A6: Time taken | B6: 60
A8: Guidance | B8: https://cdn.cyfoethnaturiol.cymru/media/2110/how-to-comply-with-your-environmental-permit.pdf?mode=pad&rnd=131467604540000000
A10: Section | B10: Part | C10: Yes/No/NA | D10: Comments
A11: Site plans | B11: Does it show the main features of the site and drawn to scale? | C11: N/A | D11: Not changing as a resutlt of the variation. | G11: Yes
B12: Including where relevant; activities, drainage, sensitive receptors | C12: N/A | D12: Not changing as a resutlt of the variation. | G12: No
A13: Operations | B13: Does it contain information on how to avoid or minimise environmental risk an impact of the normal running operations | C13: N/A | D13: Not changing as a resutlt of the variation. | G13: N/A
B14: Does it contain information on waste acceptance, quantities, treatment and storage procedures | C14: Yes
B15: Does it contain information on storage of materials on site - storage times and procedures to ensure that these times are not exceeded - maximum storage capacities for specified storage areas and the facility as a whole and procedures to ensure that these capacities are not exceeded - maximum storage heights to prevent or minimise the emission of dust, litter and throughput management | C15: Yes
B16: Does it contain information on a procedure to identify the specific waste types stored at your facility | C16: Yes
B17: Does it contain information on procedures to segregate incompatible wastes for example use of appropriate separation distances and or suitable engineering measures. | C17: N/A | D17: Not changing as a resutlt of the variation.
B18: Does it contain information on drainage infrastructure | C18: N/A | D18: Not changing as a resutlt of the variation.
B19: Does it contain information on transportation and distribution | C19: N/A | D19: Not changing as a resutlt of the variation.
B20: Does it contain information on how any potential pollution from the above activities could impact on air, water, land and neighbours | C20: N/A | D20: Not changing as a resutlt of the variation.
B21: Does it contain information on procedures to enable you to apply the waste hierarchy of re-use, recover, recycle, dispose | C21: N/A | D21: Not changing as a resutlt of the variation.
B22: Does it contain information on Duty of Care | C22: N/A | D22: Not changing as a resutlt of the variation.
A23: Maintenance | B23: Does it contain information on the sites programme of Planned Preventative Maintenance (PPM) | C23: N/A | D23: Not changing as a resutlt of the variation.
A24: Accidents and incidents (Defined as an accident, incident or event that may result in pollution) | B24: Does it contain information on potential accidents and put in place measures to minimise them happening | C24: N/A | D24: Not changing as a resutlt of the variation.
B25: Does it contain information on events or equipment failures that could damage the environment, for example fires, vandalism, flooding or other extreme weather events such as drought, heat waves, strong winds, snow or extreme cold | C25: N/A | D25: Not changing as a resutlt of the variation.
B26: Does it contain information on how likely these events or failures are to happen | C26: N/A | D26: Not changing as a resutlt of the variation.
B27: Does it contain information on the consequences if they do happen | C27: N/A | D27: Not changing as a resutlt of the variation.
B28: Does it contain information on the steps needed to minimise them happening | C28: N/A | D28: Not changing as a resutlt of the variation.
B29: Does it contain information on the steps needed to minimise any impact if they do happen | C29: N/A | D29: Not changing as a resutlt of the variation.
B30: Does it contain information on how they will record and investigate complaints, pollution incidents or breaches of your permit and the actions taken. | C30: N/A | D30: Not changing as a resutlt of the variation.
B31: Does it contain a site plan which identifies location of any emergency kits or equipment for fire, spill kits and drain caps | C31: N/A | D31: Not changing as a resutlt of the variation.
A32: Site security | B32: Does it include information on site security? This will be dependant on the environmental risk posed by activity | C32: N/A | D32: Not changing as a resutlt of the variation.
A33: Non-compliance | B33: Does it include information on how non-compliance will be dealt with including recording, investigating and resolution | C33: N/A | D33: Not changing as a resutlt of the variation.
A34: Closure | B34: Does it include information on the plans in place that could make closing the site far easier and cheaper and evidence of the condition of the site via an SCR (only needs to be provided for a new bespoke or variation to increase permit area) | C34: N/A | D34: Not changing as a resutlt of the variation.
A35: Complaints | B35: Does it include information on how complaints will be dealt with including recording, investigating and resolution | C35: N/A | D35: Not changing as a resutlt of the variation.
A36: Sufficient competent persons, resources and training | B36: Does it include information on training of staff and technical competence. Also see TCM tab | C36: N/A | D36: Not changing as a resutlt of the variation.
A37: Emissions and monitoring | B37: Does it include information on emissions to surface and groundwater | C37: N/A | D37: Not changing as a resutlt of the variation.
B38: Does it include information on dust | C38: Yes | D38: DEMP Provided.
B39: Does it include information on mud | C39: N/A | D39: Not changing as a resutlt of the variation.
B40: Does it include information on litter | C40: N/A | D40: Not changing as a resutlt of the variation.
B41: Does it include information on fine particulates and fumes | C41: N/A | D41: Not changing as a resutlt of the variation.
B42: Does it include information on VOCs | C42: N/A | D42: Not changing as a resutlt of the variation.
B43: Does it include information on odour | C43: N/A | D43: Not changing as a resutlt of the variation.
B44: Does it include information on noise and vibration | C44: N/A | D44: Not changing as a resutlt of the variation.
B45: Does it include information on pests | C45: N/A | D45: Not changing as a resutlt of the variation.
B46: Does it include information on bioaerosols | C46: N/A | D46: Not changing as a resutlt of the variation.
A47: Records | B47: Does it include information on how records will be maintained and kept up to date | C47: N/A | D47: Not changing as a resutlt of the variation.
A48: Access to your permit | B48: Does it include information on how any interested parties will view the permit, EMS or any other relevant management systems | C48: N/A | D48: Not changing as a resutlt of the variation.
B49: Percentage of required information missing | C49: 0 | D49: Where over 25% of responses are no, the document is regarded as incomplete

Sheet TCM 
A1: Technically Competent Manager Qualifications
A3: Document reference
A4: Time taken
A6: Guidance | B6: n/a
A8: Section | B8: Part | C8: Yes/No/NA | D8: Comments | F8: Yes
A9: General Overview | B9: Has a named TCM been provided? | F9: No
B10: Are they/will they be covered by a relevant technical scheme: CIWM/WAMITAB or ESA/EU? | F10: N/A
A11: If WAMITAB certificates have been provided: | B11: Has primary competence been provided?
B12: Has continuing competence been provided?
B13: If certificates have not been provided, has proof of application for the correct course been provided?
B14: If a grace period is applicable, has this been requested?
B15: Is the certificate/course applied for suitable for the application applied for? | D15: If this is not correct, application should be "not duly made"
A16: If ESA/EU certificates have been provided: | B16: Do they have a competent management system in place?
B17: If not, are they relying on the 12 month grace period?
B18: If relying on the grace period, have they confirmed that they will obtain necessary certification within 12 months of permit issue?
B19: Has the management scheme been certified by one of the EU Skills scheme's approval bodies?
A20: On site | B20: Do we consider this person to be in control of day to day activities on the site?
B21: Percentage of required information missing | C21: =(100*(COUNTIF(C9:C20,"No"))/((COUNTIF(C9:C20,"Yes"))+(COUNTIF(C9:C20,"No")))) -> #DIV/0! | D21: Where over 25% of responses are no, the document is regarded as incomplete

Sheet Risk Assessment
A1: Risk Assessments
A3: Document reference
A4: Time taken | B4: 60
A6: Guidance | B6: https://www.gov.uk/guidance/risk-assessments-for-your-environmental-permit
A8: Section | B8: Part | C8: Yes/No/NA | D8: Comments | F8: Yes
A9: General sections | B9: As per "How to Comply", are there general sections on the following: | F9: No
B10: a. Site operations | C10: N/A | D10: Not changing as a result of the variation | F10: N/A
B11: b. Maintenance | C11: N/A
B12: c. Accidents | C12: N/A
B13: d. Training and records | C13: N/A
A14: Contents | B14: Does the risk assessment contain information on the following:
B15: a. Pollution/hazard source | C15: Yes
B16: b. Receptor that can be affected | C16: Yes
B17: c. sources | C17: Yes
B18: d. Pathway | C18: Yes
B19: e. Harm that could be caused | C19: Yes
B20: f. Solutions | C20: Yes
B21: g. Actions | C21: Yes
B22: Overall, can the site operate without a significant risk to the environment? | C22: Yes
A23: Areas of Risk | B23: Have the risks of the following been addressed, and if required, have management plans been provided:
B24: a. Any discharges to surface or groundwater | C24: Yes
B25: b. Accidents e.g. flooding, fire, electric shock etc | C25: Yes
B26: c. Odour | C26: Yes
B27: d. Noise | C27: Yes
B28: e. Vibration | C28: Yes
B29: f. Dust | C29: Yes
B30: g. Pests | C30: Yes
B31: h. Litter | C31: Yes
B32: i. Fire | C32: Yes
B33: j. Flooding and flood plains, as per OPRA | C33: N/A
B34: k. Bioaerosols | C34: N/A
A35: Protected sites | B35: If present, have the following been included within the risk assessment: | C35: Yes
B36: a. national parks | C36: Yes
B37: b. areas of outstanding natural beauty (AONBs) | C37: Yes
B38: c. sites of special scientific interest (SSSIs) | C38: Yes
B39: d. special areas of conservation (SACs) | C39: Yes
B40: e. special protection areas (SPAs) | C40: Yes
B41: f. Ramsar sites (wetlands) | C41: Yes
B42: g. marine conservation zones | C42: Yes
B43: h. ancient woodlands | C43: Yes
B44: i. local sites | C44: N/A | D44: Not mentioned but that’s ok as beyond a realistic distance from the site boundary >500m from site
B45: j. flooding | C45: N/A
B46: k. protected habitats/species and section 6/7 species | C46: N/A
B47: l. historic items (ancient monuments, historic sites etc.) | C47: N/A
B48: m. source protection zones/aquifers | C48: N/A
B49: n. local wildlife sites | C49: N/A | D49: Not mentioned but that’s ok as beyond a realistic distance from the site boundary >500m from site
B50: o. surface water courses (sinks/issues/springs/wells etc.) | C50: Yes
A51: General notes | B51: Have risks been identified in terms of low, medium or high risk? | C51: Yes
B52: Have mitigation measures been included? | C52: Yes
B53: Has the assessment covered both normal and abnormal operating conditions? | C53: Yes
B54: Does the risk assessment meet what NRW find in their initial screening? | C54: Yes
B55: Percentage of required information missing | C55: =(100*(COUNTIF(C9:C54,"No"))/((COUNTIF(C9:C54,"Yes"))+(COUNTIF(C9:C54,"No")))) -> 0 | D55: Where over 25% of responses are no, the document is regarded as incomplete

Sheet FPMP 
A1: Fire Prevention and Mitigation Plan (FPMP)
A3: Document reference | F3: Yes
A4: Time taken | F4: No
F5: N/A
A6: Guidance | B6: NRW FPMP Guidance No. 16 Fire prevention and mitigation plan - waste management
B7: If this colour; Guidance states that this information MUST be provided
A9: Section | B9: Part | C9: Yes/No/NA | D9: Comments
A10: 5. Fire Prevention and Mitigation Plan contents | B10: Is the FPMP produced in accordance with NRW guidance? | D10: If not produced in line with NRW guidance needs to be not duly made.
B11: Does the FPMP contain the following:
B12: The amount and type of waste received daily and how it is managed.
B13: Total amount of waste and types and forms (e.g. unprocessed, shredded etc) stored on site at any one time and how it will be stored | D13: If information is not included, application needs to be not duly made.
B14: Maximum time each type of waste will be stored on site | D14: If information is not included, application needs to be not duly made.
B15: Maximum size of any waste stockpile - including length, width and depth
B16: Minimum separation distances used | D16: If information is not included, application needs to be not duly made.
B17: Clear area around the perimeter
B18: Fire prevention techniques used, including management of hotspots, self combustion, monitoring, reporting
B19: Techniques used to minimise fire spreading
B20: All combustion products and emissions (to air, land and water) including impact on the local community, critical infrastructure and environment). | D20: Does the FPMP consider the location of the site in relation to these receptors, i.e. if site is next to motorway has it considered impact to this?
B21: Contact details of sensitive receptors within 1km of the site, including human receptors (i.e. hospitals, residential areas, schools)
B22: Environmental receptors within 1km of the site (i.e. source protection, surface water)
B23: Does the site plan showing the following: | D23: If site plan not included in FPMP, application needs to be not duly made.
B24: where each type of waste is stored
B25: layout of buildings
B26: areas where hazardous materials are stored (e.g. gas cylinders, oil and fuel tanks)
B27: main access route and any alternative access points
B28: location of hydrants and water supplies
B29: areas of natural and unmade ground
B30: location of plant, pollution control equipment
B31: drainage system, foul and surface water drains, their direction and outfall.
B32: location of drain covers and pollution control measures - e.g. firewater containment system
B33: location of sensitive receptors within 1km of the site including human receptors and environmental receptors. | D33: If site plan does not include the sensitive receptors identified in accordance with the Environmental Risk Assessment and the My Map screening report, the application needs to be not duly made.
B34: designated quarantine area
A35: 6. Common causes of fires and preventative measures | B35: Does the FPMP include a list, as per the guidance? | D35: If list is not included application or is not site specific the application needs to be not duly made.
A36: 7. Storage times and self combustion factors | B36: Is the waste at risk of self combustion? | D36: If the answer is "no", mark as "N/A" See list in section 7. If the answer is no, ignore the rest of the questions under section 7, storage times and move to next section.
B37: If the waste is at risk of self combustion, and they are proposing to store for more than 3 months - are additional measures included? | D37: If additional measures are not included in FPMP, application needs to be not duly made.
A38: 8. Managing waste material stacks | B38: Does the FPMP include how ELVs will be stored?
A39: 10. Baled waste storage | B39: Does the FPMP include how they are reducing the risk of fire occurring within the bales? | D39: If waste is baled and the FPMP does not include this it is likely that it needs to be not duly made, but discuss with mentor.
A40: 11. Enclosing stacks using bales and walls | B40: Do the bays or walls between the stacks provide fire resistance for 120 mins?
B41: Has evidence of the product specification been included?
A42: 12. Waste stored within a building | B42: Have they included general principals on fire prevention and mitigation?
A43: 13. Waste stored in containers | B43: Does the FPMP include how containers will be moved?
A44: 15. Seasonality and waste stack management | B44: Does the FPMP include information on waste stack management, i.e. the contracts in place to ensure that they have end user outlets.
A45: 16. Monitoring and turning of stacks | B45: Does the FPMP include monitoring that will be carried out?
B46: Does the FPMP explain what indicators will be used in relation to temperature and moisture content and what action will be taken in relation to these?
A47: 17. Fire detection | B47: Does the FPMP include how they will detect fire in early stages?
A48: 18. Fire suppression systems | B48: If a fire suppression system is proposed, does the FPMP include what type of system it is?
A49: 19. Firefighting strategy | B49: Does the FPMP include heavy mobile plant available to move waste?
B50: Does the FPMP include the suitability of the heavy plant?
B51: Are trained staff available to move waste?
A52: 20. Water supplies | B52: Has amount of water required for largest stack been calculated? | D52: If FPMP does not include this it is likely that it needs to be not duly made, but discuss with mentor.
B53: Does the FPMP include where the water supply will come from? | D53: If info not included or FPMP relies on FRS to bring water it is likely that it needs to be not duly made, but discuss with mentor.
B54: Have they included information to demonstrate the hydrant is suitable? | D54: If FPMP does not include this it is likely that it needs to be not duly made, but discuss with mentor.
B55: If using alternative sources (i.e. river) has information been included to support that this is a reliable source? | D55: If FPMP does not include this it is likely that it needs to be not duly made, but discuss with mentor.
A56: 21. Managing water run-off | B56: Does the FPMP include measures to contain fire water run-off? | D56: If FPMP does not include this it is likely that it needs to be not duly made, but discuss with mentor.
B57: Does the FPMP include calculations to demonstrate how much water can be contained? | D57: If FPMP does not include this it is likely that it needs to be not duly made, but discuss with mentor.
B58: If firewater is being discharged to sewer, has evidence of approval from the sewage company been included? | D58: If FPMP does not include this it is likely that it needs to be not duly made, but discuss with mentor.
B59: Have measures to prevent firewater reaching groundwater and surface water been included? | D59: If FPMP does not include this it is likely that it needs to be not duly made, but discuss with mentor.
A60: 22. Designated quarantine area | B60: Does the FPMP include a quarantine area? | D60: If FPMP does not include this it is likely that it needs to be not duly made, but discuss with mentor.
B61: Does it include separation distances?
B62: Does it state how much waste it can contain?
B63: Is the quarantine area within the permitted boundary?
A64: 23. During and after an incident | B64: Does the FPMP include contingency measures during and after a fire? i.e. diverting waste, notifying those who may be affected
B65: Does the FPMP include a plan to notify those who may be affected by the fire?
B66: Does the FPMP include how the site will be cleared and decontaminated?
A67: 24. Reviewing and monitoring your FPMP | B67: Does the FPMP include when it will be reviewed?
B68: Percentage of required information missing | C68: =(100*(COUNTIF(C10:C67,"No"))/((COUNTIF(C10:C67,"Yes"))+(COUNTIF(C10:C67,"No")))) -> #DIV/0! | D68: Where over 25% of responses are no, the document is regarded as incomplete

Sheet Noise
A1: Noise Impact Assessment and Management Plan
A3: Document reference
A4: Time taken
A6: Guidance | B6: Noise impact assessments involving calculations or modelling
A8: Section | B8: Part | C8: Yes/No/NA | D8: Comments | F8: Yes
A9: NIA | B9: Has the NIA report been produced in line with BS4142? | D9: If not produced in line with BS4142 likely needs to be not duly made and returned, but discuss with noise lead. | F9: No
A10: Does the NIA include information on the following (as required by Clause 12 of BS4142) | B10: Statement of competency for all persons contributing to the assessment | F10: N/A
B11: Description of source(s) being assessed, including: - the main sound sources and specific sound - operational times, including operational times of plant - description of site layout and location of main sound sources
B12: Subjective impressions of the specific sound and main sound sources contributing to residual sound
B13: Identification of nearest sensitive receptors and description of the existing context, including an assessment of the sensitivity of the receptor, e.g. school, dwelling, office.
B14: Plan showing measurement locations and description including distance from sound source, intervening ground. A justification for the choice of measurement locations should also be included.
B15: Equipment used, including calibrator or pistonphone: - type and/or model; - manufacturer; - serial number; and - details of the latest verification test including dates.
B16: Field calibration test, including meter reading(s) before and after measurements with calibrator
B17: Weather conditions, including wind speed(s) and direction(s), precipitation, temperature, etc | D17: If no weather data is provided, and / or if no data is provided on wind speed or wind direction - not duly made
B18: Date(s) and time(s) of measurements.
B19: Sound levels and method of determination for: - residual - ambient - specific | D19: If ambient and residual sound could not be measured (e.g. non-operational site), the specific may have been modelled / calculated. Where residual and ambient have been measured the difference must be greater than 3dB. If not a combination of measurements and calculation / modelling may be used. Justification for the method used should be included.
B20: Background sound level(s) (LA90) and measurement time interval(s) and, in the case of measurements taken at an equivalent location, the reasons for presuming it to be equivalent.
B21: Rating level(s) - specific sound level plus any acoustic features of the specific sound
B22: Initial impact assessment - excess of the rating level(s) over the measured background sound level(s)
B23: Conclusions of the assessment after taking context into account.
B24: The potential impact of uncertainty
A25: Significant adverse impact | B25: Where the NIA concludes significant adverse impact (taking account of context), have mitigation / controls been included to prevent or minimise impact? Have these been quantified in decibels?
A26: Variation only | B26: Does the NIA consider all the noise resulting from the proposed variation – the existing site and the variation together? Both components should be shown and then added together to give a new total for site noise at the receptors. | D26: If noise from the existing site (before changes) has been considered as part of the background or the residual sound levels, the application should be not duly made.
A27: Raw data | B27: Has the following raw data been provided?
B28: If sound levels have been measured, has the measurement data been provided?
B29: If sound levels have been calculated, have the calculations been provided?
B30: If sound levels have been modelled, have the modelling files been provided? And are they in a format we can use? i.e. SoundPlan, CadnA, or .qsi file format.
B31: Where modelled, has all relevant numerical data been provided as required guidance on noise impact assessments involving calculations or modelling? | D31: See guidance linked above
A32: Noise Management Plan | B32: Does the NMP information on the following:
B33: Commitment to regular review the effectiveness on the NMP
B34: Commitment to ensure noise control equipment is designed, operated and maintained appropriately
B35: Identified sources of noise in normal and abnormal situations
B36: Identified anticipated incidents that may influence noise risk, e.g., weather, breakdowns etc
B37: Appropriate controls (measures) to manage identified risks
B38: Monitoring
B39: Details of actions, contingencies and responsibilities if problems arise
B40: Procedures in place to avoid serious noise pollution e.g. reducing / ceasing operations
B41: Engaging with neighbours
B42: Responding to complaints
B43: Percentage of required information missing | C43: =(100*(COUNTIF(C9:C42,"No"))/((COUNTIF(C9:C42,"Yes"))+(COUNTIF(C9:C42,"No")))) -> #DIV/0! | D43: Where over 25% of responses are no, the document is regarded as incomplete

Sheet Odour
A1: Odour Management Plan
A3: This checklist is suitable for most waste operations but if your dealing with an application for: - clinical waste you may wish to also consider 'How to comply with your environmental permit additional guidance for clinical waste'. - biowaste treatment you may wish to also consider the following industry guidance document produced by The Composting Association 'an industry guide for the prevention and control of odour at biowaste processing facilities'.
A5: Document reference
A6: Time taken
A8: Guidance | B8: How to comply with your environmental permit additional guidance for clinical waste
B9: An industry guide for the prevention and control of odour at biowaste processing facilities
A11: Section | B11: Part | C11: Yes/No/NA | D11: Comments | F11: Yes
A12: Odour Modelling | B12: Does the application include Odour Modelling? | D12: It is expected that the answer to this is 'no' but if modelling has been provided then you should seek advice from senior permitting colleagues and AQMARAT prior to duly making. This would be to ensure we have everything we require prior to duly making. TEMPORARY MEASURE - the work Tech Leads is doing on duly making modelling standard should be able to be fed into this going forward. If the answer is no then mark as "n/a" and complete the rest of this checklist. Seek advice from your mentor if required. | F12: No
A13: Site Overview | B13: Does the OMP provide an overview of site operations? | D13: Do the operating hours match those of the other application documents. If is not site specific and should not be duly made. | F13: N/A
B14: Does the OMP include key details: a) operating hours
B15: b) activities undertaken on site
B16: c) waste codes
B17: d) daily / annual throughput limit
B18: e) storage quantities (max) for odorous wastes
A19: Site Setting & Site Plan | B19: a) Does the OMP provide an description of the site location and does this identify key receptors and designations. | D19: Does the site setting match our own screening (e.g. does it mention all receptors, protected sites, an if not it is not site specific and should NOT be duly made.
B20: b) Does the OMP contain a site layout plan/s that demonstrates the following: i) North arrow | D20: If not it is not the site plan does not provide suitable information and therefore should NOT be duly made.
B21: ii) Wind rose (can be provided separately) | D21: As above
B22: iii) Scale | D22: As above
B23: iv) Site Surfacing | D23: As above
B24: v) All waste storage areas | D24: As above
B25: vi) Layout of internal waste storage areas | D25: As above
B26: vii) Monitoring points | D26: As above
A27: Odour Emissions: Sources, Impacts, and Control and Mitigation Measures | B27: a) Does the OMP appear to consider all odorous wastes (source materials) and odour generating activities (releases) included in the application. | D27: If not then the OMP is incomplete as it does not consider all dusty activities or waste and we do not have all the information required to start our assessment. Therefore should NOT be duly made. For Biowaste Treatment consider Section 10.2 (Table 6) to see if all relevant sources have been considered/mentioned.
B28: b) Does the OMP appear to outline all the potential impacts of odour emissions and does this correlate with the sensitive receptors highlighted and outlined in OMP regarding the site setting? | D28: If not then the OMP is incomplete as it does not consider all dusty activities or waste and we do not have all the information required to start our assessment. Therefore should NOT be duly made.
B29: c) Does the OMP appear to outline a number or controls or mitigation measures? | D29: For a lot of sites this could include but is not limited to: waste acceptance processes, isolation of wastes, removal of wastes and of turnaround or storage time for odorous wastes. This should include an outline of how they would they have considered / preplanned for possible odour incidents For Biowaste Treatment consider Section 5, Section 6, Section 8, Section 10.2 (Table 6) to see if a breadth of measures are mentioned some of these sections focus on management of the composting process to prevent odours, section 8 looks at more odour treatments like biofilters and scrubbers, finally section 10.2 is a troubleshooting section which is pretty good for our odour management plans as its set up in a manner which identifies odour source, corrective actions and then what the preventative actions are going forward. If not then it is not complete (i.e., obvious omissions) it should not be duly made.
A30: Monitoring of Odour Emissions | B30: Does the OMP outline how odour emissions are detected during day to day operation? Do the monitoring methods appear to cover all potential sources of odour? | D30: If not then it is not complete and should not be duly made
A31: Complaints Procedure | B31: a) Does the OMP outline a suitable complaints procedure? | D31: If not then it is not complete and should not be duly made
B32: b) Does the OMP outline what will occur in the event of a or multiple complaint/s being received in a short time. This should trigger a review of the current odour controls and whether anything else needs to be implemented. | D32: If not then it is not complete and should not be duly made
A33: Training, Record Keeping and Review of the OMP | B33: a) Does the OMP outline how staff will be trained on the OMP? | D33: If not then it is not complete and should not be duly made
B34: b) Does the OMP outline how appropriate records will be kept (for example of monitoring, complaints)? | D34: If not then it is not complete and should not be duly made
B35: c) Does the OMP outline how the records of the monitoring and complaints will be reviewed with the aim of improving operations on site? | D35: If not then it is not complete and should not be duly made
B36: d) Does the OMP outline how regularly and when the entire OMP will be reviewed? | D36: If not then it is not complete and should not be duly made
B37: Percentage of required information missing | C37: =(100*(COUNTIF(C12:C36,"No"))/((COUNTIF(C12:C36,"Yes"))+(COUNTIF(C12:C36,"No")))) -> #DIV/0! | D37: Where over 25% of responses are no, the document is regarded as incomplete

Sheet Dust 
A1: Dust Emissions Management Plan
A3: Document reference
A4: Time taken | B4: 75
A6: Guidance | B6: n/a
A8: Section | B8: Part | C8: Yes/No/NA | D8: Comments | G8: Yes
A9: Site Overview | B9: Does the DEMP provide an overview of site operations? | C9: Yes | G9: No
B10: Does the DEMP include key details: a) operating hours | C10: Yes | G10: N/A
B11: b) activities undertaken on site | C11: Yes
B12: c) waste codes | C12: Yes
B13: d) daily / annual throughput limit | C13: Yes
A14: Site Setting and Site Plan | B14: a) Does the DEMP provide an description of the site location and does this identify key receptors and designations? | C14: Yes
B15: b) Does the DEMP contain a site layout plan/s that demonstrates the following: North arrow | C15: Yes | D15: If not it is not the site plan does not provide suitable information and therefore should not be duly made.
B16: Wind rose (can be provided separately) | C16: Yes
B17: Scale | C17: Yes
B18: Site Surfacing
B19: All waste storage areas | C19: Yes
B20: Layout of internal waste storage areas | C20: N/A
B21: Visual monitoring points | C21: Yes
A22: Dust Emissions: Sources, Impacts, and Control and Mitigation Measures | B22: a) Does the DEMP appear to consider all waste types and waste treatment activities that could result in dust emissions from site. | C22: Yes | D22: If not then the DEMP is incomplete as it does not consider all dusty activities or waste and we do not have all the information required to start our assessment. Therefore should not be duly made.
B23: b) Does the DEMP appear to outline all the potential impacts of DEMP emissions and does this correlate with the sensitive receptors highlighted and outlined in DEMP regarding the site setting? | C23: Yes
B24: c) Does the DEMP list a range of dust control measure and mitigation measures? | C24: Yes | D24: Are mitigation / control measures outlined for all sources of dust identified in the DEMP and Risk Assessment. If not the DEMP is not Site Specific and should not be duly made.
A25: Monitoring Dust Emissions and Weather Conditions | B25: a) visual monitoring and how dust emissions are detected | C25: Yes | D25: We would expect all sites to have some kind of formal visual monitoring inspection and designated points should be outlined in the DEMP that considers the site boundary and the duty activities. If not this should not be duly made.
B26: b) How they will monitor the weather conditions | C26: Yes | D26: Weather conditions are fundamental in regards to the generation and transportation of dust emissions from sites. Operators must have considered how they will consider the weather conditions in DEMP. This is not an assessment of validity of the method but they must have suggested a source (e.g. visual inspection, wind sock, weather reports etc) if not then the DEMP is not duly made.
A27: Complaints Procedure | B27: a) Does the DEMP outline a suitable complaints procedure? | C27: Yes | D27: If not then it is not complete and should not be duly made
B28: b) Does the DEMP outline what will occur in the event of a or multiple complaint/s being received in a short time. This should trigger a review of the current odour controls and whether anything else needs to be implemented. | C28: No | D28: If not then it is not complete and should not be duly made
A29: Training, Record Keeping and Review of the OMP | B29: a) Does the DEMP outline how staff will be trained on the DEMP ? | C29: Yes | D29: If not then it is not complete and should not be duly made
B30: b) Does the DEMP outline how appropriate records will be kept (for example of monitoring, complaints)? | C30: Yes | D30: If not then it is not complete and should not be duly made
B31: c) Does the DEMP outline how the records of the monitoring and complaints will be reviewed with the aim of improving operations on site? | C31: Yes | D31: If not then it is not complete and should not be duly made
B32: d) Does the DEMP outline how regularly and when the entire DEMP will be reviewed? | C32: Yes | D32: If not then it is not complete and should not be duly made
B33: Percentage of required information missing | C33: =(100*(COUNTIF(C9:C32,"No"))/((COUNTIF(C9:C32,"Yes"))+(COUNTIF(C9:C32,"No")))) -> 4.5454545 | D33: Where over 25% of responses are no, the document is regarded as incomplete

Sheet Pests
A1: Pests Management Plan
A3: Document reference
A4: Time taken
A6: Guidance | B6: How to comply with your environmental permit
B7: Control and monitor emissions for your environmental permit - GOV.UK (www.gov.uk)
B8: Fly management: how to comply with your environmental permit Version 1- April 2013
A10: Section | B10: Part | C10: Yes/No/NA | D10: Comments | G10: Yes
A11: Site Overview | B11: Does the PMP provide an overview of site operations? | G11: No
B12: Does the PMP include key details: a) operating hours | D12: Do the operating hours match those of the other application documents. If is not site specific and should not be duly made. | G12: N/A
B13: b) activities undertaken on site
B14: c) waste codes
B15: d) daily / annual throughput limit
A16: Site Setting | B16: Does the PMP provide an description of the site location and does this identify key receptors and designations that would be relevant to pests such as human receptors. | D16: Does the site setting match our own screening if not it is not site specific and should NOT be duly made.
A17: Site Plan | B17: Is there a site plan present in the PMP? | D17: If not it is not the site plan does not provide suitable information and therefore should NOT be duly made.
B18: Does it contain the following: 1) North arrow | D18: As above
B19: 2) Scale | D19: As above
B20: 3) All waste storage areas | D20: As above
B21: 4) Layout of internal waste storage areas | D21: As above
B22: 5) Monitoring points | D22: As above
A23: Sources of pests | B23: Does the PMP appear to consider all wastes and activities included in the application that could cause/attract pests? | D23: If not then the PMP is incomplete as it does not consider all activities or waste and we do not have all the information required to start our assessment. Therefore should NOT be duly made.
A24: Wider contents: Does the PMP include sections that discuss the following: | B24: a) monitoring and how pests are detected | D24: We would expect all sites to have some kind of formal visual monitoring inspection and designated points should be outlined in the PMP that considers the site boundary and the activities. If not this should NOT be duly made.
B25: b) pest control or mitigation measures Does the PMP contain any appropriate measures? How to comply gives possible appropriate measures to reduce pest problems as: - regular inspections by nominated personnel - isolation and securing/removal of wastes that are attracting scavengers or flies - employing professional pest controllers, either directly or by contract - effective scaring or other deterrent methods - netting | D25: Are mitigation / control measures outlined for all sources identified in the PMP and Risk Assessment. If not the PMP is not Site Specific and should not be duly made.
B26: c) how they will handle complaints and the how they will respond | D26: If not then the PMP is not duly made.
B27: d) how the PMP will be reviewed following an incident or high number of complaints | D27: If not then it is not complete and should not be duly made
B28: e) how staff will be trained on contents of plan? | D28: If not then it is not complete and should not be duly made
A29: Flies | B29: Has Table 4. On site and Pest Management Plan (PMP) assessment – Template check list for Waste Sites been completed/referenced?
B30: 1. Ensure that staff are trained in key areas, for example the significance of flies, using control techniques and waste rejection procedures.
B31: 2. Monitor fly numbers and the extent of breeding sites.
B32: 3. Select and implement the most appropriate long-term fly prevention methods, such as drying or removing manure, confining or covering waste materials, and using predators.
B33: 4. Select appropriate insecticidal fly control techniques, bearing in mind the need to minimise the impact of resistance, and the impact on beneficial organisms.
B34: 5. Decide the trigger level in fly populations for pesticide treatments, based on the timing of fly complaints from neighbours.
B35: 6. Regularly review effectiveness of the fly control methods.
B36: Percentage of required information missing | C36: =(100*(COUNTIF(C11:C35,"No"))/((COUNTIF(C11:C35,"Yes"))+(COUNTIF(C11:C35,"No")))) -> #DIV/0! | D36: Where over 25% of responses are no, the document is regarded as incomplete

Sheet DfR 
A1: Deposit for recovery
A3: Document reference
A4: Time taken
A6: Guidance | B6: Natural Resources Wales / How to prepare a waste recovery plan for a waste deposit for recovery permit
B7: Wastes acceptance procedures
B8: Conceptual site model (CSM)
B9: Hydrogeological risk assessments (HRA)
B10: Stability risk assessment
B11: Environmental setting and site design (ESSD) report
A13: Section | B13: Part | C13: Yes/No/NA | D13: Comments | F13: Yes
A14: General | B14: Is the application for a deposit for recovery activity? | D14: If yes, a WRP is required, complete this checklist. If no, a WRP is not required and you do not need to complete the rest of this checklist, and the answer should be marked as "n/a". | F14: No
B15: Has a WRP been provided? | F15: N/A
B16: Have we assessed the WRP and agreed it is recovery? | D16: If 'Yes' reference PPN If we have not agreed the WRP or it has changed, inform applicant that if we assess it and do not agree recovery, they may lose their application fee.
B17: Is the WRP the same as the version previously approved? | D17: If 'No' it will need to be reassessed
A18: Standard Rules Application only | B18: Has the following criteria been met:
B19: Using no more than 60,000m3 of waste
B20: Wastes to be used are listed within the SRP
B21: The facility is not on a landfill, whether historical, closed or operational | D21: Historic landfills are shown on 'MyMap' under 'Resource Management Terrestrial'. MyMap for permitting should show permitted (installations & waste) closed & operational landfills.
B22: The deposit is not into a water body or sub-water table
A23: WRP must include | B23: a. Evidence to support recovery of waste (must demonstrate one of the three options):
B24: 1. Financial gain or other worthwhile benefit by using non-waste materials | D24: Including costings of using non-waste
B25: 2. Funding to use non-waste materials | D25: Including costings of using non-waste
B26: 3. Specific or general obligation
B27: If demonstrating recovery through a specific or general obligation through planning (option 3), has a copy of the planning permission and conditions been supplied?
B28: Have plans & cross sections been supplied?
B29: b. Evidence the waste is serving a useful purpose (is suitable) | D29: This must include a list of the waste types and the function they are fulfilling.
B30: If waste is being used to improve soil quality (e.g. landspreading), has a benefit statement been provided. | D30: Improving soil quality is not the same as creating a soil profile, benefit statement is not required for creating a soil profile.
B31: c. Purpose of the work (why it's needed and how it will meet that need) | D31: N/A if there is a specific obligation
B32: d. Quantity of waste used (including plans and cross sections) | D32: N/A if there is a specific obligation
B33: e. Meeting quality standards (that it is fit for purpose and completed scheme will not result in environmental problems/harm) | D33: N/A if there is a specific obligation
A34: Additional information that must be supplied for a bespoke (separate to the WRP):
A35: Wastes acceptance procedures | B35: Does the WRP include waste acceptance procedures?
B36: The waste acceptance procedures must set out:
B37: Evidence needed from producer
B38: Measures to make sure waste is not contaminated
B39: Waste acceptance criteria e.g. inert waste testing
B40: Details of testing requirements by the producer and receiving site (if needed) | D40: Refer to gov.uk guidance to confirm testing requirements- link above in guidance section
A41: Conceptual site model (CSM) | B41: Does the WRP include a CSM? | D41: The CSM should determine what risk assessments are required
B42: The CSM must include:
B43: Drawing of site in relation to surrounding features
B44: Sources of pollution (from historical and proposed new activities)
B45: Pathways (geology, hydrogeology, groundwater, surface water, etc)
B46: Receptors (including a drawing showing all relevant receptors)
A47: Hydrogeological risk assessments (HRA) | B47: Qualitative HRA; OR
B48: Quantitative HRA. | D48: Required if in a sensitive location i.e. on a principal aquifer / secondary A aquifer; below the water table; SPZ 2 & 3; or in an area where groundwater provides a direct pathway to other sensitive receptors e.g. habitat sites. We would be unlikely to grant an environmental permit for a DfR site in a SPZ 1
B49: Check the HRA includes all sections required by the guidance | D49: see link above
B50: Site setting and CSM (or reference to the CSM)
B51: Justification of the level of assessment / modelling approach
B52: Review of the following, where applicable: - natural geology - geological barrier - attenuation layer - surface water management system
A53: Stability risk assessment | B53: Does the WRP include a Stability risk assessment (where relevant)? | D53: see link above
A54: Amenity risk assessment | B54: Does the WRP include an Amenity risk assessment? | D54: See 'Risk Assessment' tab
A55: Environmental setting and site design (ESSD) report | B55: Does the WRP include a ESSD?
B56: The ESSD must include:
B57: Site details e.g. location, site context
B58: Compliance points (where relevant) e.g. groundwater, surface water discharges
B59: Pollution control measures e.g. attenuation layer (if sensitive location), drainage ditches, etc
B60: Monitoring where required e.g. gas monitoring if identified by risk assessment (where waste is deposited more than 2m below ground surface)
B61: Percentage of required information missing | C61: =(100*(COUNTIF(C14:C60,"No"))/((COUNTIF(C14:C60,"Yes"))+(COUNTIF(C14:C60,"No")))) -> #DIV/0! | D61: Where over 25% of responses are no, the document is regarded as incomplete
